 Dungeon Crawl Stone Soup version 0.10-a0-843-g159e35e character file.

8084152 MarvinPA the Ticktocktomancer (level 27, 296/296 HPs)
             Began as a Naga Air Elementalist on Sept 18, 2011.
             Was the Champion of Cheibriados.
             Escaped with the Orb
             ... and 15 runes on Sept 23, 2011!
             The game lasted 16:29:07 (233471 turns).

MarvinPA the Ticktocktomancer (NaAE)              Turns: 233471, Time: 16:29:07

HP 296/296       AC 69     Str 38      XL: 27
MP  49/49        EV 35     Int 57      God: Cheibriados [******]
Gold 5758        SH 63     Dex 32      Spells: 16 memorised,  2 levels left

Res.Fire  : + + +   See Invis. : +   a - staff of air
Res.Cold  : + + +   Warding    : . . s - +11 gold dragon armour of the Storm King { Life Prot.: + + + Conserve : + n - +0 large shield of Pasumnom {Str+4 Int+3} Res.Acid. : + . . Res.Corr. : + C - +2 wizard hat {Int+3}
Res.Poison: +       Clarity    : +   B - +2 cloak {rCorr, Cons}
Res.Elec. : +       Spirit.Shd : .   r - +2 pair of Fencer's gloves {EV+3 Dex+3 Acc
Sust.Abil.: + .     Stasis     : .   o - +4 naga barding {rF+}
Res.Mut.  : .       Ctrl.Telep.: x   U - amulet "Qaqiomin" {Clar Int+5}
Res.Rott. : +       Levitation : .   L - ring of the Mage {Wiz MR Int+3}
Saprovore : . . .   Ctrl.Flight: .   Q - ring of Lies {SustAb +Rage rN+ MR Int+3}

@: lich-form, very slow, almost entirely resistant to hostile enchantments,
extremely unstealthy
A: spit poison, see invisible, deformed body 1, poison resistance, slowness 2
a: End Transformation, Bend Time, Slouch, Step From Time, Renounce Religion,
Evoke Berserk Rage
}: 15/15 runes: serpentine, barnacled, slimy, silver, golden, iron, obsidian,
icy, bone, abyssal, demonic, glowing, magical, fiery, dark


You escaped.
You worshipped Cheibriados.
Cheibriados was exalted by your worship.
You were completely stuffed.
You were in lich-form.
You visited 19 branches of the dungeon, and saw 114 of its levels.
You visited Pandemonium 9 times, and saw 78 of its levels.
You visited the Abyss 1 time.
You completed 4 Ziggurats, and saw 108 of their levels.
You visited 2 portal chambers: ice_cave, wizlab.

You collected 23857 gold pieces.
You spent 2659 gold pieces at shops.
You used 15460 gold pieces for miscellaneous purposes.


Innate Abilities, Weirdness & Mutations

You cannot wear boots.
You can spit poison.
Your serpentine skin is tough (AC +9).
You have supernaturally acute eyesight.
Armour fits poorly on your unusually shaped body.
Your system is resistant to poisons.
You cover ground very slowly.


   Skills:
 O Level 27 Fighting
 - Level 2 Long Blades
 - Level 6 Polearms
 O Level 27 Staves
 O Level 27 Armour
 O Level 27 Dodging
 - Level 4 Stealth
 - Level 1 Stabbing
 O Level 27 Shields
 + Level 23 Traps & Doors
 - Level 1 Unarmed Combat
 O Level 27 Spellcasting
 O Level 27 Conjurations
 - Level 5 Charms
 - Level 18 Summonings
 - Level 22 Necromancy
 - Level 18 Translocations
 - Level 19 Transmutations
 O Level 27 Air Magic
 - Level 1 Poison Magic
 O Level 27 Invocations
 O Level 27 Evocations


You had 2 spell levels left.
You knew the following spells:

 Your Spells              Type           Power        Success   Level  Hunger
b - Blink                 Tloc           N/A          Perfect     2    N/A
c - Orb of Destruction    Conj           ##########   Excellent   7    N/A
d - Repel Missiles        Air/Chrm       ##########   Perfect     2    N/A
e - Apportation           Tloc           #########.   Perfect     1    N/A
f - Flight                Air/Chrm       ##########   Perfect     3    N/A
g - Regeneration          Chrm/Necr      ##########   Perfect     3    N/A
n - Sublimation of Blood  Necr           ##########   Perfect     2    N/A
w - Abjuration            Summ           #########.   Perfect     3    N/A
x - Lightning Bolt        Air/Conj       ##########   Perfect     5    N/A
z - Airstrike             Air            ##########   Perfect     4    N/A
B - Controlled Blink      Tloc           N/A          Excellent   7    N/A
C - Chain Lightning       Air/Conj       ##########   Excellent   8    N/A
M - Necromutation         Trmt/Necr      ##########   Excellent   8    N/A
V - Tornado               Air            ##########   Excellent   9    N/A
W - Mass Abjuration       Summ           #########.   Excellent   7    N/A
X - Conjure Ball Lightni  Air/Conj       ##########   Excellent   7    N/A

Inventory:

Hand weapons
 b - the +6,+6 Sword of Cerebov {flame,}
   (You took it off Cerebov in Pandemonium)

   It emits flame when wielded, causing extra injury to most foes and up to
   double damage against particularly susceptible opponents.
   Big, fiery blades are also staple armaments of hydra-hunters.
 l - the +4,+4 Staff of Dispater
   (You took it off Dispater on level 7 of the Iron City of Dis)
 y - the +7,+7 Sceptre of Asmodeus
   (You took it off Asmodeus on level 7 of Gehenna)
Armour
 n - the +0 large shield of Pasumnom (worn) {Str+4 Int+3}
   (You found it on level 5 of the Snake Pit)

   It affects your strength (+4).
   It affects your intelligence (+3).
 o - a +4 naga barding of fire resistance (worn)
 r - the +2 pair of Fencer's gloves (worn) {EV+3 Dex+3 Acc+5}
   (You found it on level 15 of a ziggurat)

   It affects your evasion (+3).
   It affects your dexterity (+3).
   It affects your accuracy (+5).
 s - the +11 gold dragon armour of the Storm King (worn) {rPois rF+ rC+ Str+4 Acc+2}
   (You took it off a guardian mummy on level 20 of a ziggurat)

   It affects your strength (+4).
   It affects your accuracy (+2).
   It protects you from fire.
   It protects you from cold.
   It protects you from poison.
 B - a +2 cloak of preservation (worn)
 C - a +2 wizard hat of intelligence (worn)
Magical devices
 c - a wand of healing (9)
 j - a wand of healing (9)
 k - a wand of healing (9)
 t - a wand of teleportation (9)
 u - a wand of teleportation (9)
 x - a wand of teleportation (9)
 z - a wand of disintegration (24)
 F - a wand of digging (24)
Comestibles
 i - 10 royal jellies
 p - 10 honeycombs
Jewellery
 d - an uncursed ring of teleport control
 g - an uncursed ring of teleportation
 D - the ring of Vitality {Regen HP+15}
   (You found it on level 7 of Gehenna)

   [ring of regeneration]

   It affects your health (+15).
   This famed ring greatly improves its wearer's health.
 G - the ring of Robustness {AC+8}
   (You found it on level 27 of a ziggurat)

   [ring of protection]

   It affects your AC (+8).
 I - an uncursed amulet of stasis
 L - the ring of the Mage (right hand) {Wiz MR Int+3}
   (You found it on level 10 of a ziggurat)

   [ring of wizardry]

   It affects your intelligence (+3).
   It increases your resistance to enchantments.
 M - an uncursed amulet of resist mutation
 N - the ring of Shaolin {EV+8}
   (You found it on level 20 of a ziggurat)

   [ring of evasion]

   It affects your evasion (+8).
 Q - the ring of Lies (left hand) {SustAb +Rage rN+ MR Int+3}
   (You found it on level 21 of a ziggurat)

   [ring of sustain abilities]

   It affects your intelligence (+3).
   It protects you from negative energy.
   It increases your resistance to enchantments.
   It lets you go berserk.
   Cheibriados disapproves of the use of such an item.
 U - the amulet "Qaqiomin" (around neck) {Clar Int+5}
   (You found it on level 26 of a ziggurat)

   [amulet of clarity]

   It affects your intelligence (+5).
Potions
 f - 50 potions of healing
 h - 35 potions of cure mutation
 E - 15 potions of porridge
 O - 50 potions of heal wounds
Magical staves
 a - a staff of air (weapon)
 v - a staff of channeling
Orbs of Power
 e - the Orb of Zot
Miscellaneous
 A - a crystal ball of seeing
 K - a crystal ball of energy

▒·▒
▒▒▒▒▒▒▒▒▒▒▒▒▒▒▒▒▒▒▒▒▒▒▒▒▒▒▒▒▒▒▒·▒
··················<··············
▒▒▒▒▒▒▒▒▒▒▒▒▒▒▒▒▒▒▒▒▒▒▒▒▒▒▒▒▒▒▒·▒
▒···▒ ▒·▒ ▒···▒ ▒·▒ ▒▒▒···▒ ▒·▒
······▒▒▒▒▒▒▒▒▒▒▒▒▒▒▒▒▒▒▒▒▒ ▒·▒
▒▒▒······('(····L(····'··(▒ ▒·▒
▒···▒▒▒▒▒▒▒▒▒▒▒▒▒▒▒▒▒▒▒▒▒ ▒^▒
▒···▒ ▒·▒ ▒···▒ ▒·▒ ▒▒▒·▒ ▒·▒ ▒·▒
▒·▒ ▒·▒ ▒·▒ ▒·▒ ▒·▒ ▒·▒ ▒·▒


There were no monsters in sight!


Message History

The iron devil throws a stone.
You block the stone.
Aiming: Airstrike
Aim: An iron devil wearing a shiny dwarven ring mail (severely wounded)
The air twists around and strikes the iron devil!
You kill the iron devil!
Cheibriados appreciates the change of pace.
(D) Dungeon (T) Temple (O) Orcish Mines (E) Elven Halls (L) Lair (A) Shoals (M) Slime Pits (P) Snake Pit (H) Hive (V) Vaults (B) Hall of Blades (C) Crypt (W) Tomb (U) Hell (I) Dis (G) Gehenna (X) Cocytus (Y) Tartarus (Z) Zot
Where to? (* - list waypoints, Enter - D:1 @ (x,y), ? - help)
Your transformation is almost over.
There is a staircase leading out of the dungeon here.
Wield which item (- for none, * to show all)? (? for menu, Esc to quit)
You are already wielding that!
You channel some magical energy.
You channel some magical energy.
You channel some magical energy.
You channel some magical energy.
Evoke which item? (* to show all) (? for menu, Esc to quit)
You gaze into the crystal ball.
You are suffused with power!
You feel a surge of power!
You extend your transformation's duration.
Evoke which item? (* to show all) (? for menu, Esc to quit)
You gaze into the crystal ball.
You are suffused with power!
Wield which item (- for none, * to show all)? (? for menu, Esc to quit)
a - a staff of air (weapon)
Are you sure you want to win?
You have escaped!
Spells cast | total | 1- 3 | 4- 6 | 7- 9 | 10-12 | 13-15 | 16-18 | 19-21 | 22-24 | 25-27 -------------------------+-------+-------+-------+-------+-------+-------+-------+-------+-------+------- Apportation | 7160 | 0 | 0 | 0 | 0 | 0 | 1 | 11 | 15 | 7133 Airstrike | 5113 | 0 | 0 | 0 | 0 | 0 | 0 | 0 | 254 | 4859 Shock | 3229 | 74 | 119 | 464 | 611 | 1206 | 540 | 188 | 27 | 0 Lightning Bolt | 2042 | 0 | 0 | 1 | 47 | 136 | 308 | 432 | 374 | 744 Chain Lightning | 879 | 0 | 0 | 0 | 0 | 0 | 0 | 0 | 68 | 811 Sublimation of Blood | 761 | 0 | 0 | 0 | 0 | 0 | 0 | 0 | 29 | 732 Tornado | 694 | 0 | 0 | 0 | 0 | 0 | 0 | 0 | 0 | 694 Static Discharge | 633 | 0 | 6 | 32 | 113 | 182 | 223 | 56 | 21 | 0 Necromutation | 502 | 0 | 0 | 0 | 0 | 0 | 0 | 0 | 0 | 502 Regeneration | 421 | 0 | 0 | 0 | 0 | 33 | 40 | 21 | 20 | 307 Controlled Blink | 159 | 0 | 0 | 0 | 0 | 0 | 0 | 0 | 0 | 159 Repel Missiles | 126 | 0 | 1 | 0 | 0 | 5 | 8 | 12 | 4 | 96 Flight | 106 | 0 | 0 | 0 | 0 | 0 | 0 | 0 | 0 | 106 Conjure Ball Lightning | 75 | 0 | 0 | 0 | 0 | 0 | 0 | 0 | 0 | 75 Summon Elemental | 60 | 0 | 0 | 0 | 0 | 0 | 15 | 0 | 45 | 0 Abjuration | 44 | 0 | 0 | 0 | 0 | 4 | 1 | 4 | 7 | 28 Blink | 24 | 0 | 0 | 0 | 0 | 0 | 0 | 1 | 5 | 18 Mass Abjuration | 20 | 0 | 0 | 0 | 0 | 0 | 0 | 0 | 0 | 20 Spider Form | 17 | 0 | 0 | 0 | 0 | 0 | 0 | 0 | 0 | 17 Poisonous Cloud | 4 | 0 | 0 | 0 | 0 | 0 | 0 | 0 | 0 | 4

Vault maps used:
D:1:      normal: evilmike_entry_run_for_it
D:2:      normal: overflow_temple_1_default
D:3:      normal: patterned_corridor, uniq_sigmund extra:
          corexii_item_surrounded_by_moat
D:4:      normal: nemelex_deck, minmay_temple_entry_large_hall extra:
          minivault_23, minmay_strange_pillars
D:5:      normal: corexii_shack_village, lemuel_flamethrower_2, uniq_menkaure
D:6:      normal: due_unseen_surprise
D:8:      normal: overflow_temple_1_default, serial_gnoll_camp,
          gnoll_camp_mini_hut, gnoll_camp_medium_01, gnoll_camp_mini_doghouse,
          gnoll_camp_mini_hut, gnoll_camp_mini_hut, gnoll_camp_mini_house,
          nrook_loot_triangle, uniq_blork_the_orc
D:9:      normal: overflow_temple_1_default
D:10:     normal: erik_orc_3, uniq_erolcha
D:11:     normal: uniq_joseph, uniq_urug extra: serial_shops, shop
D:12:     normal: hive_david_3 extra: serial_shops, shop
D:16:     normal: david_vaults_4, uniq_snorg, uniq_rupert
D:17:     normal: special_room, kb_rosetta extra: hallowed_hall
D:18:     normal: evilmike_boring_beetle
D:19:     extra: serial_bayou_pond_c
D:20:     normal: uniq_boris extra: serial_shops, shop, spider_trap
D:21:     extra: grate_trap, basic_altar, hell_entry, pan_entry
D:22:     extra: hell_entry
D:23:     extra: hell_entry
D:24:     extra: abyss_entry, hell_entry, pan_entry
D:25:     extra: hell_entry, abyss_entry
D:26:     normal: thingy_vault_2, minmay_pinched_square extra: hell_entry,
          small_statue_intersection
D:27:     normal: minmay_octagon_city, roderic_Chinese_pattern_swastika,
          evilmike_zot_entry_diamond extra: hell_entry
Temple:   normal: triangle_lava_temple_11
Orc:1:    normal: bloody_trog extra: serial_shops, shop
Orc:3:    normal: bloody_makhleb
Orc:4:    normal: st_orc_congregation
Elf:1:    normal: minmay_elf_arrival_summoners, uniq_erica, uniq_azrael extra:
          serial_shops, shop
Elf:2:    normal: minivault_7 extra: minivault_19
Elf:3:    normal: uniq_norris
Elf:4:    extra: serial_shops, shop_fountains, minivault_20
Elf:5:    normal: elf_hall, uniq_wiglaf
Lair:2:   normal: lemuel_statue_altar
Lair:3:   normal: lemuel_hidden_altar
Lair:4:   normal: portal_ice_cave_entry_ice_beasts, roderic_lost_polar_bear,
          minmay_shoals_entry_lonely_mermaid, minmay_snake_entry_guardpost_small
          extra: basic_altar
Lair:5:   normal: uniq_harold
Lair:6:   extra: serial_bayou_lagoon_a
Lair:7:   extra: basic_altar
Lair:8:   normal: evilmike_catoblepas_cave, minmay_slime_entry_jelly_boxes,
          uniq_jozef extra: serial_bayou_pond_c
Shoals:1: normal: uniq_grum, uniq_donald
Shoals:2: normal: uniq_roxanne
Shoals:3: normal: uniq_ilsuiw, uniq_nikola
Shoals:5: normal: shoal_ilsuiw
Snake:1:  normal: uniq_sonja
Snake:2:  normal: minmay_snake_river, uniq_louise extra: spider_trap
Snake:3:  normal: serial_bayou_lake_a extra: serial_bayou, serial_bayou_pond_c,
          serial_bayou_pond_b, serial_bayou_pond_e
Snake:4:  normal: uniq_agnes extra: serial_shops, shop
Snake:5:  normal: snake_pit_salamanders_mu
Hive:1:   normal: lemuel_Big_Bunch_of_Bees
Hive:2:   normal: minmay_beehive_corners
Vault:1:  normal: dispersion_dpeg extra: serial_shops, shop, minivault_25
Vault:2:  normal: uniq_mara extra: spider_trap
Vault:3:  normal: minivault_28, dummy_crypt_entry
Vault:4:  normal: uniq_aizul extra: minmay_variable_closet
Vault:5:  normal: enter_wizlab_6, lemuel_angel_altar_zin, uniq_mennas extra:
          serial_shops, shop, spider_trap
Vault:6:  extra: serial_shops, shop
Vault:7:  normal: uniq_xtahua extra: secret_library_closet
Vault:8:  normal: uniq_boris
Crypt:2:  normal: glass_columns_a, uniq_frederick, uniq_margery extra:
          crypt_curse_skull
Crypt:3:  normal: tomb_entry_forgotten_bobbens
Crypt:4:  normal: special_room
Crypt:5:  normal: evilmike_haunted_forest, uniq_saint_roka
Dis:7:    normal: dis_mu
Geh:1:    normal: gehenna_fire_generator
Geh:2:    normal: special_room
Geh:4:    normal: lemuel_hellish_altar
Geh:7:    normal: geh_mu
Coc:2:    normal: minmay_fire_ice_demons
Coc:7:    normal: coc_mu
Tar:6:    normal: minmay_shadows
Tar:7:    normal: tar_old
Zot:3:    normal: lemuel_golem_globe extra: grate_trap
Zot:4:    normal: uniq_tiamat
Portal    vault maps: ice_cave_caverns_03, wizlab_doroklohe

Notes
Turn   | Place    | Note
--------------------------------------------------------------
     0 | D:1      | MarvinPA, the Naga Air Elementalist, began the quest for the Orb.
     0 | D:1      | Reached XP level 1. HP: 15/15 MP: 3/3
     5 | D:1      | Noticed a worm
    70 | D:1      | Defeated a worm
    70 | D:1      | Reached XP level 2. HP: 11/22 MP: 1/4
   454 | D:1      | Reached skill level 2 in Conjurations
   807 | D:1      | Reached skill level 2 in Spellcasting
   870 | D:1      | Reached skill level 4 in Air Magic
   870 | D:1      | Reached XP level 3. HP: 8/28 MP: 2/6
  2107 | D:2      | Found a white marble altar of Elyvilon.
  2342 | D:2      | Reached XP level 4. HP: 36/36 MP: 8/8
  2373 | D:2      | Learned a level 3 spell: Static Discharge
  2376 | D:2      | Learned a level 2 spell: Repel Missiles
  2801 | D:3      | Noticed Sigmund
  2824 | D:3      | Defeated Sigmund
  2824 | D:3      | Reached skill level 3 in Conjurations
  2824 | D:3      | Reached XP level 5. HP: 19/42 MP: 0/9
  3143 | D:3      | Reached skill level 1 in Armour
  4017 | D:3      | Reached skill level 1 in Fighting
  4017 | D:3      | Reached skill level 1 in Staves
  4100 | D:4      | Found a staircase to the Ecumenical Temple.
  4125 | Temple   | Entered the Ecumenical Temple
  4276 | Temple   | Became a worshipper of Cheibriados the Contemplative
  4402 | D:4      | Found a sparkling altar of Nemelex Xobeh.
  4405 | D:4      | Reached skill level 1 in Traps & Doors
  4405 | D:4      | Reached XP level 6. HP: 49/49 MP: 7/11
  4502 | D:5      | Entered Level 5 of the Dungeon
  4794 | D:5      | Reached skill level 5 in Air Magic
  4902 | D:5      | Noticed Menkaure
  4917 | D:5      | Reached skill level 3 in Spellcasting
  4917 | D:5      | Reached skill level 4 in Conjurations
  4918 | D:5      | Defeated Menkaure
  4918 | D:5      | Reached XP level 7. HP: 24/55 MP: 2/14
  5242 | D:5      | Acquired Cheibriados's first power
  5845 | D:4      | Acquired Cheibriados's second power
  5845 | D:4      | Reached skill level 4 in Spellcasting
  6172 | D:4      | Noticed an imp
  6195 | D:4      | Defeated an imp
  6594 | D:5      | Reached skill level 5 in Conjurations
  6663 | D:5      | Acquired Cheibriados's third power
  7024 | D:5      | Reached XP level 8. HP: 63/63 MP: 16/18
  7776 | D:6      | Reached skill level 6 in Air Magic
  7918 | D:6      | Acquired Cheibriados's fourth power
  8051 | D:6      | Learned a level 5 spell: Lightning Bolt
  8174 | D:6      | Reached skill level 1 in Long Blades
  8280 | D:6      | Reached skill level 5 in Spellcasting
  8280 | D:6      | Reached skill level 1 in Invocations
  9605 | D:8      | Found a staircase to the Lair.
  9642 | D:8      | Reached skill level 2 in Invocations
  9853 | D:8      | Acquired Cheibriados's fifth power
  9853 | D:8      | Reached XP level 9. HP: 41/69 MP: 12/20
  9997 | D:8      | Reached skill level 6 in Conjurations
 10437 | D:8      | Noticed Blork the orc
 10470 | D:8      | Defeated Blork the orc
 10470 | D:8      | Reached skill level 3 in Invocations
 10540 | D:8      | Reached skill level 7 in Air Magic
 11500 | D:8      | Reached skill level 4 in Invocations
 11717 | D:8      | Reached skill level 6 in Spellcasting
 11815 | D:8      | Found a burning altar of Makhleb.
 12145 | Lair:1   | Entered Level 1 of the Lair of Beasts
 12148 | Lair:1   | Reached skill level 1 in Polearms
 12148 | Lair:1   | Reached skill level 7 in Conjurations
 12148 | Lair:1   | Reached XP level 10. HP: 76/76 MP: 19/22
 12250 | Lair:1   | Reached skill level 5 in Invocations
 13169 | Lair:1   | Reached skill level 6 in Invocations
 13355 | Lair:1   | Reached skill level 7 in Spellcasting
 14233 | Lair:2   | Found a snail-covered altar of Cheibriados.
 14358 | Lair:2   | Reached skill level 2 in Polearms
 14361 | Lair:2   | Reached skill level 2 in Fighting
 14612 | Lair:2   | Reached skill level 7 in Invocations
 14837 | Lair:2   | Reached skill level 3 in Fighting
 14837 | Lair:2   | Reached skill level 3 in Polearms
 14837 | Lair:2   | Reached skill level 8 in Air Magic
 14965 | Lair:2   | Reached skill level 2 in Dodging
 15277 | Lair:2   | Reached skill level 4 in Fighting
 15277 | Lair:2   | Reached skill level 4 in Polearms
 15390 | Lair:2   | Reached skill level 3 in Dodging
 15518 | Lair:2   | Reached XP level 11. HP: 68/87 MP: 8/25
 15853 | Lair:2   | Reached skill level 5 in Fighting
 16035 | Lair:2   | Reached skill level 5 in Polearms
 16173 | Lair:3   | Reached skill level 4 in Dodging
 16941 | Lair:3   | Reached skill level 1 in Evocations
 17143 | Lair:3   | Reached skill level 6 in Fighting
 17143 | Lair:3   | Reached skill level 2 in Evocations
 17153 | Lair:3   | Reached skill level 6 in Polearms
 17400 | Lair:3   | Reached skill level 2 in Staves
 17518 | Lair:3   | Reached skill level 3 in Evocations
 17518 | Lair:3   | Reached skill level 3 in Staves
 17893 | Lair:3   | Reached skill level 4 in Staves
 17893 | Lair:3   | Reached skill level 4 in Evocations
 18152 | Lair:4   | Found a blossoming altar of Fedhas.
 18787 | Lair:4   | Found a staircase to the Snake Pit.
 18913 | Lair:4   | Reached skill level 5 in Staves
 18913 | Lair:4   | Reached skill level 5 in Evocations
 19140 | Lair:4   | Reached skill level 8 in Conjurations
 19140 | Lair:4   | Reached XP level 12. HP: 99/99 MP: 10/26
 19190 | Lair:4   | Reached skill level 6 in Staves
 19191 | Lair:4   | Found a frozen archway.
 19226 | IceCv    | Entered an ice cave
 19337 | IceCv    | Reached skill level 8 in Spellcasting
 20441 | IceCv    | Reached skill level 1 in Shields
 20616 | IceCv    | Reached skill level 6 in Evocations
 21078 | IceCv    | Reached skill level 2 in Shields
 21544 | IceCv    | Reached skill level 8 in Invocations
 21545 | IceCv    | Reached skill level 3 in Shields
 21545 | IceCv    | Reached skill level 9 in Air Magic
 21554 | IceCv    | Reached skill level 7 in Evocations
 21726 | IceCv    | Reached skill level 4 in Shields
 21746 | IceCv    | Reached skill level 8 in Evocations
 21754 | IceCv    | Reached skill level 10 in Air Magic
 22404 | Lair:4   | Reached skill level 5 in Shields
 22972 | Lair:4   | Found a staircase to the Shoals.
 23148 | Lair:5   | Reached skill level 9 in Evocations
 23148 | Lair:5   | Reached XP level 13. HP: 94/105 MP: 8/28
 23149 | Lair:5   | Reached skill level 5 in Dodging
 24270 | Lair:5   | Noticed Harold
 24276 | Lair:5   | Defeated Harold
 24276 | Lair:5   | Reached skill level 6 in Shields
 24808 | Lair:5   | Reached skill level 10 in Evocations
 25011 | Lair:5   | Reached skill level 6 in Dodging
 25783 | Lair:6   | Learned a level 3 spell: Regeneration
 26459 | Lair:6   | Reached skill level 1 in Charms
 26459 | Lair:6   | Reached skill level 1 in Necromancy
 27829 | Lair:6   | Reached skill level 7 in Fighting
 27830 | Lair:6   | Reached skill level 7 in Staves
 27940 | Lair:6   | Reached skill level 9 in Conjurations
 28437 | Lair:7   | Found a white marble altar of Elyvilon.
 28678 | Lair:7   | Reached skill level 11 in Air Magic
 28705 | Lair:7   | Reached skill level 9 in Spellcasting
 29080 | Lair:7   | Reached skill level 1 in Stabbing
 29432 | Lair:7   | Reached XP level 14. HP: 104/116 MP: 8/29
 29759 | Lair:8   | Entered Level 8 of the Lair of Beasts
 30353 | Lair:8   | Reached skill level 8 in Fighting
 30405 | Lair:8   | Reached skill level 8 in Staves
 30646 | Lair:8   | Got a green glowing staff
 30647 | Lair:8   | Identified the Staff of Olgreb {rPois} (You found it on level 8 of the Lair of Beasts)
 30969 | Lair:8   | Reached skill level 2 in Charms
 30970 | Lair:8   | Reached skill level 10 in Conjurations
 31260 | Lair:8   | Reached skill level 2 in Necromancy
 31265 | Lair:8   | Noticed Jozef
 31281 | Lair:8   | Defeated Jozef
 31423 | Lair:8   | Reached skill level 3 in Charms
 31640 | Lair:8   | Reached skill level 3 in Necromancy
 31643 | Lair:8   | Reached skill level 10 in Spellcasting
 31807 | Lair:8   | Reached skill level 12 in Air Magic
 31815 | Lair:8   | Reached skill level 4 in Charms
 32002 | Lair:8   | Reached skill level 4 in Necromancy
 32214 | Lair:8   | Reached skill level 5 in Charms
 32386 | Lair:8   | Reached XP level 15. HP: 126/126 MP: 23/31
 32979 | Lair:8   | Reached skill level 5 in Necromancy
 33156 | Lair:8   | Found a staircase to the Slime Pits.
 34166 | D:9      | Found a radiant altar of Vehumet.
 34833 | D:10     | Entered Level 10 of the Dungeon
 34963 | D:10     | Found a staircase to the Orcish Mines.
 34976 | D:10     | Reached skill level 9 in Invocations
 36522 | D:11     | Noticed Joseph
 36544 | D:11     | Defeated Joseph
 36544 | D:11     | Reached skill level 7 in Dodging
 36631 | D:11     | Found Thiosm's Antique Weapon Boutique.
 36709 | D:11     | Noticed Urug
 36724 | D:11     | Defeated Urug
 36845 | D:11     | Reached skill level 7 in Shields
 37250 | D:11     | Noticed a slime creature
 37251 | D:11     | Noticed a slime creature
 37251 | D:11     | Noticed a slime creature
 37265 | D:11     | Defeated a slime creature
 37279 | D:11     | Defeated a slime creature
 37296 | D:11     | Defeated a slime creature
 37417 | Orc:1    | Entered Level 1 of the Orcish Mines
 38571 | Orc:3    | Found a burning altar of Makhleb.
 38702 | Orc:3    | Got a transparent whip
 38770 | Orc:3    | Identified the whip of Midnight {vamp, SInv} (You found it on level 3 of the Orcish Mines)
 39182 | Orc:4    | Entered Level 4 of the Orcish Mines
 39200 | Orc:4    | Reached skill level 10 in Invocations
 39619 | Orc:4    | Noticed an orc high priest
 39621 | Orc:4    | Defeated an orc high priest
 39622 | Orc:4    | Noticed an orc high priest
 39626 | Orc:4    | Defeated an orc high priest
 40121 | Orc:4    | Found a staircase to the Elven Halls.
 40511 | Orc:4    | Noticed an orc high priest
 40511 | Orc:4    | Defeated an orc high priest
 40733 | Orc:4    | Found Utuklay's Antique Armour Shoppe.
 40734 | Orc:4    | Found Wihyal's Antique Weapon Shoppe.
 40735 | Orc:4    | Found Ukug Kam's General Store.
 40735 | Orc:4    | Found Vaesulis' Book Emporium.
 40739 | Orc:4    | Bought a scroll of recharging for 66 gold pieces
 40741 | Orc:4    | Bought a book of Spatial Translocations for 975 gold pieces
 40745 | Orc:4    | Learned a level 2 spell: Blink
 40747 | Orc:4    | Learned a level 1 spell: Apportation
 40752 | Orc:4    | Learned a level 4 spell: Control Teleport
 40757 | Orc:4    | Learned a level 3 spell: Abjuration
 40834 | Orc:4    | Bought a runed orcish cloak for 26 gold pieces
 40901 | Orc:4    | Noticed an orc high priest
 40903 | Orc:4    | Defeated an orc high priest
 41263 | Orc:4    | Noticed an orc warlord
 41282 | Orc:4    | Defeated an orc warlord
 41282 | Orc:4    | Reached skill level 8 in Dodging
 41282 | Orc:4    | Reached skill level 8 in Shields
 41282 | Orc:4    | Reached skill level 1 in Summonings
 42205 | D:10     | Noticed Erolcha
 42217 | D:10     | Defeated Erolcha
 42217 | D:10     | Reached XP level 16. HP: 134/134 MP: 2/32
 42576 | D:12     | Noticed a queen bee
 42593 | D:12     | Defeated a queen bee
 42745 | D:12     | Reached skill level 2 in Summonings
 43125 | D:12     | Found Illuhinuna's General Store.
 43130 | D:12     | Bought a potion of heal wounds for 45 gold pieces
 43130 | D:12     | Bought a potion of agility for 37 gold pieces
 43130 | D:12     | Bought a potion of healing for 30 gold pieces
 43131 | D:12     | Bought a +2 ring of protection for 150 gold pieces
 43719 | D:13     | Reached skill level 3 in Summonings
 43809 | D:13     | Reached skill level 11 in Conjurations
 44362 | D:13     | Reached skill level 11 in Spellcasting
 44714 | D:12     | Found a staircase to the Hive.
 45048 | D:14     | Reached skill level 4 in Summonings
 46472 | D:14     | Reached skill level 5 in Summonings
 46737 | D:15     | Entered Level 15 of the Dungeon
 48114 | D:16     | Noticed an iron troll
 48117 | D:16     | Defeated an iron troll
 48119 | D:16     | Noticed Rupert
 48120 | D:16     | Defeated Rupert
 48189 | D:16     | Found a staircase to the Vaults.
 48425 | D:16     | Reached skill level 12 in Conjurations
 48428 | D:16     | Reached skill level 13 in Air Magic
 48781 | D:16     | Paralysed by a giant eyeball for 4 turns
 48787 | D:16     | Reached XP level 17. HP: 141/141 MP: 25/34
 48796 | D:16     | Noticed Snorg
 48799 | D:16     | Defeated Snorg
 49635 | Lair:1   | Learned a level 4 spell: Summon Elemental
 49785 | Snake:1  | Entered Level 1 of the Snake Pit
 49898 | Snake:1  | Reached skill level 11 in Invocations
 50026 | Snake:1  | Reached skill level 12 in Spellcasting
 50223 | Snake:1  | Noticed Sonja
 50228 | Snake:1  | Defeated Sonja
 51781 | Snake:2  | Noticed Louise
 51785 | Snake:2  | Defeated Louise
 53074 | Snake:3  | Reached skill level 13 in Conjurations
 54683 | Snake:4  | Found Pearun's Food Shoppe.
 54730 | Snake:4  | Noticed Agnes
 54735 | Snake:4  | Reached skill level 14 in Air Magic
 54738 | Snake:4  | Defeated Agnes
 55050 | Snake:5  | Entered Level 5 of the Snake Pit
 56135 | Snake:5  | Got an encrusted large shield
 56149 | Snake:5  | Identified the cursed +0 large shield of Pasumnom (You found it on level 5 of the Snake Pit)
 56387 | Snake:5  | Noticed Elynae's ghost (mighty MfGl)
 56414 | Snake:5  | Defeated Elynae's ghost
 56414 | Snake:5  | Reached XP level 18. HP: 150/150 MP: 14/36
 56927 | Snake:5  | Reached skill level 13 in Spellcasting
 57736 | Snake:5  | Reached skill level 14 in Conjurations
 57764 | Snake:5  | Reached skill level 12 in Invocations
 60319 | Snake:5  | Reached skill level 13 in Invocations
 60434 | Snake:5  | Got a serpentine rune of Zot
 60988 | Snake:5  | Reached XP level 19. HP: 128/157 MP: 7/37
 61617 | Vault:1  | Entered Level 1 of the Vaults
 61712 | Vault:1  | Reached skill level 14 in Spellcasting
 61712 | Vault:1  | Reached skill level 1 in Translocations
 61714 | Vault:1  | Got a brightly glowing robe
 61941 | Vault:1  | Identified the +1 robe of Zouckyn (You found it on level 1 of the Vaults)
 62050 | Vault:1  | Reached skill level 2 in Translocations
 62457 | Vault:1  | Reached skill level 3 in Translocations
 62961 | Vault:1  | Reached skill level 14 in Invocations
 63197 | Vault:1  | Reached skill level 4 in Translocations
 63569 | Vault:1  | Found Equoses' Weapon Shop.
 63847 | Vault:2  | Noticed Mara
 63852 | Vault:2  | Defeated Mara
 64356 | Vault:2  | Reached skill level 5 in Translocations
 66251 | Vault:2  | Reached skill level 9 in Fighting
 67091 | Elf:1    | Entered Level 1 of the Elven Halls
 67445 | Elf:1    | Found Alabaf Schyu's Magical Wand Shop.
 67802 | Elf:1    | Reached skill level 9 in Staves
 67879 | Elf:1    | Noticed Azrael
 67885 | Elf:1    | Defeated Azrael
 67895 | Elf:1    | Noticed Erica
 67903 | Elf:1    | Defeated Erica
 68386 | Elf:1    | Reached XP level 20. HP: 168/168 MP: 34/38
 71774 | Elf:3    | Noticed Norris
 71802 | Elf:3    | Defeated Norris
 72570 | Elf:4    | Noticed an orc priest
 72578 | Elf:4    | Defeated an orc priest
 72713 | Elf:4    | Found Guacoi's Magic Scroll Shoppe.
 72742 | Elf:4    | Bought a scroll of teleportation for 42 gold pieces
 73407 | Elf:5    | Entered Level 5 of the Elven Halls
 74046 | Elf:5    | Noticed a deep elf blademaster
 74052 | Elf:5    | Noticed a deep elf master archer
 74052 | Elf:5    | Defeated a deep elf blademaster
 74055 | Elf:5    | Defeated a deep elf master archer
 74055 | Elf:5    | Reached skill level 10 in Fighting
 74056 | Elf:5    | Noticed a deep elf master archer
 74068 | Elf:5    | Defeated a deep elf master archer
 74576 | Elf:5    | Reached skill level 10 in Staves
 74815 | Elf:5    | Reached skill level 15 in Conjurations
 75332 | Elf:5    | Noticed a deep elf blademaster
 75342 | Elf:5    | Defeated a deep elf blademaster
 75342 | Elf:5    | Reached XP level 21. HP: 165/178 MP: 17/39
 76189 | Elf:5    | Reached skill level 15 in Air Magic
 76245 | Elf:5    | Noticed Wiglaf
 76246 | Elf:5    | Defeated Wiglaf
 76319 | Elf:5    | Got a shimmering shield
 76331 | Elf:5    | Identified the +2 shield of the Townfolk (You took it off Wiglaf on level 5 of the Elven Halls)
 76681 | Elf:5    | Learned a level 2 spell: Sublimation of Blood
 76754 | Elf:5    | Got a transparent brass amulet
 76771 | Elf:5    | Got a glittering ruby amulet
 76786 | Elf:5    | Got a transparent granite ring
 76802 | Elf:5    | Got a torn book
 76803 | Elf:5    | Identified Sif Muna's Papyrus of the Mountains (You found it on level 5 of the Elven Halls)
 76803 | Elf:5    | Identified the amulet "Gheocw" (You found it on level 5 of the Elven Halls)
 76804 | Elf:5    | Identified the amulet of Relativism (You found it on level 5 of the Elven Halls)
 76806 | Elf:5    | Identified the ring of Jyemutott (You found it on level 5 of the Elven Halls)
 76867 | Elf:5    | Reached skill level 15 in Spellcasting
 78365 | Vault:3  | Reached skill level 9 in Dodging
 78780 | Vault:3  | Found a staircase to the Crypt.
 79025 | Vault:4  | Reached skill level 9 in Shields
 79519 | Vault:4  | Reached skill level 11 in Evocations
 79524 | Vault:4  | Noticed Aizul
 79530 | Vault:4  | Defeated Aizul
 80952 | Vault:4  | Noticed a naga warrior
 80955 | Vault:4  | Defeated a naga warrior
 81037 | Vault:4  | Reached XP level 22. HP: 187/187 MP: 26/40
 81110 | Vault:5  | Found a staircase to the Hall of Blades.
 81198 | Vault:5  | Noticed a fire elemental
 81203 | Vault:5  | Defeated a fire elemental
 81414 | Vault:5  | Found a magical portal.
 81423 | WizLab   | Entered Doroklohe's Tomb
 81878 | WizLab   | Reached XP level 21. HP: 128/178 MP: 1/39
 81882 | WizLab   | Reached XP level 22. HP: 109/187 MP: 2/40
 82114 | WizLab   | Gained mutation: Your magical capacity is low (-10% MP).
 82121 | WizLab   | Gained mutation: You possess an exceptional clarity of mind.
 82449 | WizLab   | Reached skill level 10 in Dodging
 83052 | WizLab   | Reached skill level 10 in Shields
 83183 | WizLab   | Got a heavily runed pewter ring
 83219 | WizLab   | Identified the ring of Neurosis (You found it in Doroklohe's Tomb)
 83406 | Vault:5  | Noticed Mennas
 83426 | Vault:4  | Reached skill level 12 in Evocations
 83799 | Lair:1   | Lost mutation: You possess an exceptional clarity of mind.
 83799 | Lair:1   | Lost mutation: Your magical capacity is low (-10% MP).
 84223 | Crypt:1  | Entered Level 1 of the Crypt
 85043 | Crypt:2  | Noticed Frederick
 85043 | Crypt:2  | Noticed Margery
 85268 | Crypt:2  | Defeated Margery
 85286 | Crypt:2  | Defeated Frederick
 86330 | Crypt:3  | Found a staircase to the Tomb.
 86542 | Crypt:3  | Reached skill level 13 in Evocations
 87075 | Elf:1    | Bought a wand of teleportation (7) for 396 gold pieces
 87506 | Lair:1   | Learned a level 8 spell: Chain Lightning
 87772 | Crypt:3  | Reached skill level 11 in Shields
 88127 | Crypt:3  | Reached skill level 11 in Dodging
 88956 | Crypt:4  | You fall through a shaft!
 88956 | Crypt:5  | Entered Level 5 of the Crypt
 89550 | Crypt:5  | Reached skill level 6 in Necromancy
 89586 | Crypt:5  | Reached XP level 23. HP: 148/192 MP: 25/40
 89591 | Crypt:5  | Reached skill level 1 in Unarmed Combat
 89876 | Crypt:5  | Noticed a reaper
 89882 | Crypt:5  | Defeated a reaper
 89891 | Crypt:5  | Reached XP level 22. HP: 175/185 MP: 29/40
 89904 | Crypt:5  | Reached XP level 23. HP: 157/192 MP: 23/40
 90139 | Crypt:4  | Reached XP level 22. HP: 185/185 MP: 13/40
 90782 | Crypt:4  | Reached XP level 23. HP: 192/192 MP: 30/40
 91017 | Crypt:5  | Reached skill level 14 in Evocations
 91143 | Crypt:5  | Found an ancient bone altar of Kikubaaqudgha.
 91207 | Crypt:5  | Noticed a reaper
 91211 | Crypt:5  | Defeated a reaper
 91399 | Crypt:5  | Noticed a reaper
 91404 | Crypt:5  | Noticed a reaper
 91407 | Crypt:5  | Defeated a reaper
 91408 | Crypt:5  | Defeated a reaper
 91642 | Crypt:5  | Reached skill level 7 in Necromancy
 91654 | Crypt:5  | Noticed an ancient lich
 91867 | Crypt:5  | Noticed a reaper
 91869 | Crypt:5  | Defeated a reaper
 92118 | Crypt:5  | Noticed Saint Roka
 92127 | Crypt:5  | Defeated Saint Roka
 92249 | Crypt:5  | Got a sparkling book
 92250 | Crypt:5  | Identified the Disquisition on Orientation (You found it on level 5 of the Crypt)
 92362 | Crypt:5  | Paralysed by an ancient lich for 4 turns
 93265 | Crypt:5  | Defeated an ancient lich
 93265 | Crypt:5  | Reached skill level 12 in Dodging
 93265 | Crypt:5  | Reached skill level 12 in Shields
 93265 | Crypt:5  | Reached skill level 8 in Necromancy
 94645 | D:17     | Noticed a yaktaur captain
 94651 | D:17     | Defeated a yaktaur captain
 95220 | D:17     | Learned a level 4 spell: Airstrike
 97830 | D:18     | Noticed a stone giant
 97840 | D:18     | Defeated a stone giant
 97840 | D:18     | Reached XP level 24. HP: 95/201 MP: 7/41
 98249 | D:18     | Noticed a storm dragon
 98254 | D:18     | Defeated a storm dragon
 98527 | D:18     | Reached skill level 16 in Air Magic
100239 | D:20     | Entered Level 20 of the Dungeon
100665 | D:20     | Found Xemohus' Book Shoppe.
100725 | D:20     | Noticed Boris
100741 | D:20     | Defeated Boris
101456 | D:20     | Reached skill level 16 in Spellcasting
101882 | D:21     | Found a burning altar of Makhleb.
102751 | D:21     | Found a gateway to Hell.
103283 | D:21     | Reached skill level 17 in Air Magic
103370 | D:21     | Found a one-way gate leading to the halls of Pandemonium.
103920 | D:21     | jle: Any plans to go zigging?
103920 | D:21     | dunno, maybe
103920 | D:21     | should have tornado soon-ish so i might give it a go
105876 | D:22     | Reached XP level 25. HP: 178/212 MP: 36/43
106347 | D:22     | Got a blood-stained necklace
106348 | D:22     | Identified the cursed necklace of Bloodlust (You found it on level 22 of the Dungeon)
108186 | D:23     | Reached skill level 17 in Spellcasting
108919 | D:23     | Reached skill level 18 in Air Magic
111539 | D:24     | Found a one-way gate to the infinite horrors of the Abyss.
111681 | D:25     | Entered Level 25 of the Dungeon
113428 | D:26     | Reached skill level 18 in Spellcasting
113428 | D:26     | Reached XP level 26. HP: 193/220 MP: 33/45
113455 | D:26     | Reached skill level 9 in Necromancy
113455 | D:26     | Reached skill level 19 in Air Magic
113961 | D:26     | You fall through a shaft!
113961 | D:27     | Entered Level 27 of the Dungeon
114249 | D:26     | Reached skill level 10 in Necromancy
115632 | D:27     | Noticed a golden dragon
115648 | D:27     | Defeated a golden dragon
115648 | D:27     | Reached skill level 20 in Air Magic
115938 | D:27     | Reached skill level 19 in Spellcasting
116617 | D:27     | Got an antique book
116618 | D:27     | Identified the Volume of Entrancing Protection (You found it on level 27 of the Dungeon)
116770 | D:27     | An anaconda changed into a shining eye
116772 | D:27     | A shining eye changed into a glowing shapeshifter
116898 | D:27     | A merfolk changed into a pulsating lump
116899 | D:27     | Defeated a pulsating lump
117076 | D:27     | Reached XP level 27. HP: 197/228 MP: 19/46
117093 | D:27     | Reached XP level 26. HP: 167/220 MP: 36/45
117102 | D:27     | A spriggan changed into a guardian serpent
117110 | D:27     | A guardian serpent changed into an elf
117428 | D:27     | Reached XP level 27. HP: 223/228 MP: 34/46
117575 | D:27     | Got a steaming jade ring
117576 | D:27     | Identified the ring "Shruev" (You found it on level 27 of the Dungeon)
117737 | D:27     | Reached XP level 26. HP: 141/220 MP: 3/45
117742 | D:27     | Reached skill level 21 in Air Magic
117815 | D:27     | Reached XP level 27. HP: 138/228 MP: 9/46
117817 | D:27     | Noticed a deep elf death mage
117818 | D:27     | Reached XP level 26. HP: 135/220 MP: 9/45
117833 | D:27     | Defeated a deep elf death mage
117861 | D:27     | Noticed a bone dragon
118407 | D:27     | Reached XP level 27. HP: 228/228 MP: 38/46
118425 | D:27     | Reached skill level 20 in Spellcasting
118513 | D:27     | Defeated a bone dragon
118587 | D:27     | Learned a level 6 spell: Poisonous Cloud
119546 | Lair:1   | Learned a level 9 spell: Tornado
120194 | Vault:5  | Found a glowing silver altar of Zin.
120514 | Vault:5  | Defeated Mennas
121088 | Vault:5  | Reached skill level 1 in Poison Magic
121365 | Vault:5  | Reached skill level 22 in Air Magic
121400 | Vault:5  | Found Wetit's Jewellery Shoppe.
121749 | Vault:6  | Found Kaschasa's Antique Weapon Shop.
122418 | Vault:6  | Noticed a deep elf mage
122422 | Vault:6  | Defeated a deep elf mage
122841 | Vault:6  | Defeated a deep elf priest
123105 | Vault:7  | Noticed Xtahua
123115 | Vault:7  | Defeated Xtahua
123907 | Vault:7  | Reached skill level 6 in Translocations
124103 | Vault:7  | Learned a level 7 spell: Controlled Blink
124106 | Vault:8  | Entered Level 8 of the Vaults
124110 | Vault:8  | Reached skill level 7 in Translocations
124112 | Vault:8  | Reached skill level 11 in Necromancy
124112 | Vault:8  | Reached skill level 8 in Translocations
124269 | Vault:8  | Noticed a bone dragon
124535 | Vault:8  | Noticed a deep elf death mage
124540 | Vault:8  | Defeated a deep elf death mage
124540 | Vault:8  | Reached skill level 9 in Translocations
124727 | Vault:8  | Defeated a bone dragon
124949 | Vault:8  | Reached skill level 12 in Necromancy
124952 | Vault:8  | Noticed an ancient lich
125115 | Vault:8  | Reached skill level 10 in Translocations
125122 | Vault:8  | Defeated an ancient lich
125202 | Vault:8  | Reached skill level 11 in Translocations
125211 | Vault:8  | Noticed a deep elf priest
125221 | Vault:8  | Defeated a deep elf priest
125246 | Vault:8  | A hill giant changed into a pulsating lump
125247 | Vault:8  | A pulsating lump changed into a sea snake
125335 | Vault:8  | Reached skill level 12 in Translocations
125823 | Vault:8  | Reached skill level 6 in Summonings
126139 | Vault:8  | Noticed Boris
126467 | Vault:8  | Noticed a golden dragon
126475 | Vault:8  | Defeated a golden dragon
126475 | Vault:8  | Reached skill level 7 in Summonings
126592 | Vault:8  | Defeated Boris
126592 | Vault:8  | Reached skill level 8 in Summonings
126782 | Vault:8  | Reached skill level 9 in Summonings
127071 | Vault:8  | Noticed a golden dragon
127088 | Vault:8  | Defeated a golden dragon
127088 | Vault:8  | Reached skill level 10 in Summonings
127292 | Vault:8  | Got a twisted leather armour
127390 | Vault:8  | Got a silver rune of Zot
127896 | Lair:1   | Identified the +3 leather armour of Mnecsol (You found it on level 8 of the Vaults)
127946 | Lair:1   | Learned a level 3 spell: Spider Form
128124 | Lair:1   | Learned a level 3 spell: Flight
128273 | Shoals:1 | Entered Level 1 of the Shoals
128691 | Shoals:1 | Reached skill level 1 in Transmutations
128861 | Shoals:1 | Noticed Donald
128867 | Shoals:1 | Defeated Donald
129193 | Shoals:2 | Noticed Roxanne
129260 | Shoals:2 | Defeated Roxanne
129584 | Shoals:2 | Got a heavily runed cloak
129588 | Shoals:2 | Identified the +0 cloak "Fruaman" (You found it on level 2 of the Shoals)
130110 | Shoals:3 | Noticed Ilsuiw
130114 | Shoals:3 | Defeated Ilsuiw
130224 | Shoals:3 | Noticed Nikola
130236 | Shoals:3 | Defeated Nikola
131689 | Shoals:4 | Reached skill level 11 in Fighting
132372 | Shoals:5 | Entered Level 5 of the Shoals
132516 | Shoals:5 | Got a scintillating brass amulet
132517 | Shoals:5 | Identified the amulet of Satisfaction (You acquired it on level 5 of the Shoals)
132843 | Shoals:5 | Got a barnacled rune of Zot
132972 | Shoals:5 | Reached skill level 11 in Staves
133375 | Shoals:1 | Noticed Grum
133377 | Shoals:1 | Defeated Grum
133989 | Crypt:4  | Reached skill level 21 in Spellcasting
134016 | Crypt:5  | Noticed a lich
134021 | Crypt:5  | Defeated a lich
134074 | Crypt:5  | Noticed a small abomination
134079 | Crypt:5  | Defeated a small abomination
134143 | Crypt:5  | Got a heavily runed cloak
134149 | Crypt:5  | Identified the cursed -5 cloak "Xelol" (You found it on level 5 of the Crypt)
135136 | Blade    | Entered the Hall of Blades
135568 | Blade    | Reached skill level 13 in Shields
135662 | Blade    | Reached skill level 13 in Dodging
135663 | Blade    | Reached skill level 12 in Fighting
136414 | Slime:1  | Entered Level 1 of the Pits of Slime
137223 | Slime:3  | You fall through a shaft!
137271 | Slime:4  | Reached skill level 12 in Staves
137944 | Slime:3  | Reached skill level 2 in Transmutations
138023 | Slime:3  | Paralysed by a giant eyeball for 4 turns
138370 | Slime:4  | Reached skill level 3 in Transmutations
138614 | Slime:6  | Entered Level 6 of the Pits of Slime
138636 | Slime:6  | Gained mutation: You are frail (-10% HP).
138646 | Slime:6  | Reached skill level 4 in Transmutations
139071 | Slime:6  | Noticed the royal jelly
139081 | Slime:6  | Defeated the royal jelly
139081 | Slime:6  | Reached skill level 22 in Spellcasting
139081 | Slime:6  | Reached skill level 5 in Transmutations
139403 | Slime:6  | Got an ancient wooden ring
139541 | Slime:6  | Got a slimy rune of Zot
139553 | Slime:6  | Got a black ring
139600 | Slime:6  | Got a warped sapphire amulet
139635 | Slime:6  | Identified the ring "Peitec" (You found it on level 6 of the Pits of Slime)
139636 | Slime:6  | Identified the amulet "Zesazan" (You found it on level 6 of the Pits of Slime)
139805 | Slime:6  | Reached skill level 14 in Dodging
139832 | Slime:6  | Reached skill level 14 in Shields
140730 | D:21     | Reached skill level 6 in Transmutations
140865 | Hell     | Entered the Vestibule of Hell
140865 | Hell     | Noticed Geryon
140879 | Hell     | Defeated Geryon
140997 | Hell     | Reached skill level 7 in Transmutations
141045 | Hell     | Found a gateway to the Iron City of Dis.
141071 | Hell     | Found a gateway to the ashen valley of Gehenna.
141322 | Hell     | Found a gateway to the decaying netherworld of Tartarus.
141355 | Hell     | Found a gateway to the freezing wastes of Cocytus.
141641 | Zot:1    | Entered Level 1 of the Realm of Zot
142699 | Vault:4  | Reached skill level 15 in Invocations
143337 | Snake:5  | Reached skill level 8 in Transmutations
143569 | Lair:1   | Learned a level 8 spell: Necromutation
143978 | Zot:1    | Reached skill level 15 in Evocations
144535 | Zot:2    | Reached skill level 23 in Spellcasting
144536 | Zot:2    | Reached skill level 9 in Transmutations
144805 | Zot:2    | Reached skill level 10 in Transmutations
146804 | Zot:3    | Reached skill level 13 in Necromancy
147108 | Zot:3    | Paralysed by a Zot trap for 10 turns
147228 | Zot:3    | Reached skill level 16 in Conjurations
147930 | Zot:3    | Reached skill level 23 in Air Magic
149192 | Zot:4    | Reached skill level 14 in Necromancy
149195 | Zot:4    | Noticed Tiamat
149213 | Zot:4    | Defeated Tiamat
149457 | Zot:4    | Reached skill level 17 in Conjurations
149503 | Zot:4    | Reached skill level 24 in Spellcasting
149823 | Zot:4    | Got a warped leather armour
149831 | Zot:4    | Identified the cursed +4 leather armour of Supple Strength (You found it on level 4 of the Realm of Zot)
151553 | Zot:4    | Reached skill level 2 in Traps & Doors
151675 | Zot:4    | Reached skill level 3 in Traps & Doors
152017 | Zot:5    | Entered Level 5 of the Realm of Zot
152028 | Zot:5    | Reached skill level 4 in Traps & Doors
152078 | Zot:5    | Reached skill level 5 in Traps & Doors
152174 | Zot:5    | Reached skill level 6 in Traps & Doors
152178 | Zot:5    | Reached skill level 7 in Traps & Doors
152197 | Zot:5    | Reached skill level 8 in Traps & Doors
152218 | Zot:5    | Reached skill level 9 in Traps & Doors
152357 | Zot:5    | Reached skill level 10 in Traps & Doors
152712 | Zot:5    | Reached skill level 13 in Fighting
152712 | Zot:5    | Reached skill level 24 in Air Magic
152715 | Zot:5    | Reached skill level 18 in Conjurations
152966 | Zot:5    | Gained mutation: You have a fast metabolism.
153471 | Zot:5    | Reached skill level 14 in Fighting
154061 | Zot:5    | Reached skill level 19 in Conjurations
155432 | Tomb:1   | Entered Level 1 of the Tomb of the Ancients
155582 | Tomb:1   | Reached skill level 15 in Necromancy
156244 | Tomb:1   | Reached skill level 13 in Translocations
156340 | Tomb:1   | Got a scintillating turquoise ring
156348 | Tomb:1   | Identified the ring "Gostrutz" (You found it on level 1 of the Tomb of the Ancients)
156999 | Tomb:2   | Reached skill level 16 in Necromancy
157001 | Tomb:2   | Reached skill level 14 in Translocations
157622 | Tomb:2   | Learned a level 7 spell: Mass Abjuration
157858 | Tomb:2   | Reached skill level 11 in Summonings
158199 | Tomb:1   | Reached skill level 11 in Transmutations
158331 | Tomb:1   | Reached skill level 12 in Summonings
158352 | Tomb:1   | Reached skill level 12 in Transmutations
158525 | Tomb:1   | Reached skill level 13 in Transmutations
159240 | Tomb:1   | Reached skill level 16 in Invocations
159240 | Tomb:1   | Reached skill level 16 in Evocations
159503 | Tomb:1   | Reached skill level 14 in Transmutations
159813 | Tomb:3   | Entered Level 3 of the Tomb of the Ancients
159839 | Tomb:3   | Reached skill level 25 in Spellcasting
159851 | Tomb:2   | Reached skill level 15 in Fighting
160384 | Tomb:3   | Reached skill level 25 in Air Magic
160390 | Tomb:3   | Reached skill level 17 in Evocations
161192 | Tomb:3   | Got a glistering book
161192 | Tomb:3   | Got a graven book
161193 | Tomb:3   | Identified Sif Muna's Collected Works on Buffs and the Birds (You found it on level 3 of the Tomb of the Ancients)
161193 | Tomb:3   | Identified Ozocubu's Tome of Cold (You found it on level 3 of the Tomb of the Ancients)
161203 | Tomb:3   | Got a scintillating iron ring
161204 | Tomb:3   | Identified the ring "Xogat" (You found it on level 3 of the Tomb of the Ancients)
161265 | Tomb:3   | Got a golden rune of Zot
161399 | Tomb:3   | Got an ancient steam dragon armour
162637 | Lair:1   | Identified the cursed +0 steam dragon armour of Valour (You took it off a guardian mummy on level 3 of the Tomb of the Ancients)
162977 | Vault:5  | Bought a cursed ring of teleportation for 165 gold pieces
163383 | Hive:1   | Entered Level 1 of the Hive
163574 | Hive:2   | Entered Level 2 of the Hive
165785 | Hive:2   | Got a steaming bronze amulet
165802 | Hive:2   | Identified the amulet of Iseniy (You found it on level 2 of the Hive)
167668 | Pan      | Entered Pandemonium
168428 | Pan      | Noticed Phohadgh the pandemonium lord
168430 | Pan      | Defeated Phohadgh the pandemonium lord
168430 | Pan      | Reached skill level 16 in Fighting
168430 | Pan      | Reached skill level 20 in Conjurations
170502 | Pan      | Noticed Lofenule the pandemonium lord
170505 | Pan      | Defeated Lofenule the pandemonium lord
170695 | Pan      | Got a demonic rune of Zot
173153 | Pan      | Reached skill level 18 in Evocations
173167 | Pan      | Noticed Skiots the pandemonium lord
173179 | Pan      | Defeated Skiots the pandemonium lord
173950 | Pan      | Entered the realm of Mnoleg.
174320 | Pan      | Noticed Mnoleg
174340 | Pan      | Defeated Mnoleg
174360 | Pan      | Got a glowing rune of Zot
175299 | Pan      | Entered the realm of Gloorx Vloq.
176634 | Pan      | Reached skill level 17 in Fighting
176949 | Pan      | Gained mutation: Your body is slowly deteriorating.
177176 | Pan      | Noticed Gloorx Vloq
177185 | Pan      | Defeated Gloorx Vloq
177185 | Pan      | Reached skill level 21 in Conjurations
177195 | Pan      | Reached skill level 19 in Evocations
177684 | Pan      | Got a dark rune of Zot
177994 | Pan      | Reached skill level 26 in Air Magic
178915 | Pan      | Reached skill level 26 in Spellcasting
179908 | Pan      | Entered the realm of Lom Lobon.
180262 | Pan      | Lost mutation: You are frail (-10% HP).
180262 | Pan      | Lost mutation: You have a fast metabolism.
180262 | Pan      | Lost mutation: Your body is slowly deteriorating.
180791 | Pan      | Reached skill level 18 in Fighting
180950 | Pan      | Reached skill level 20 in Evocations
181509 | Pan      | Noticed Lom Lobon
181527 | Pan      | Defeated Lom Lobon
181527 | Pan      | Reached skill level 22 in Conjurations
181931 | Pan      | Got a magical rune of Zot
182722 | Pan      | Entered the realm of Cerebov.
182737 | Pan      | Reached skill level 17 in Invocations
182742 | Pan      | Noticed Cerebov
182753 | Pan      | Defeated Cerebov
182755 | Pan      | Got a great serpentine sword {flame}
182986 | Pan      | Got a fiery rune of Zot
183090 | Pan      | Reached skill level 18 in Invocations
183574 | Pan      | Reached skill level 19 in Invocations
183756 | Pan      | Got a slimy granite ring
183757 | Pan      | Identified the ring of Springtime (You found it in Pandemonium)
184352 | Pan      | Got a warped bronze amulet
184353 | Pan      | Identified the amulet of Lugonu's Benevolence (You found it in Pandemonium)
184656 | Pan      | Reached skill level 20 in Invocations
185024 | Pan      | Identified the cursed +6,+6 Sword of Cerebov {flame} (You took it off Cerebov in Pandemonium)
185031 | Pan      | Noticed Caud the pandemonium lord
185065 | Pan      | Defeated Caud the pandemonium lord
185957 | Tar:1    | Entered Level 1 of Tartarus
186197 | Tar:1    | Reached skill level 21 in Invocations
186786 | Lair:1   | Gained mutation: Your muscles are strong (Str +1).
186939 | Orc:4    | Bought a crystal ball of seeing for 600 gold pieces
187309 | Tar:3    | Reached skill level 22 in Invocations
187482 | Tar:5    | Reached skill level 23 in Invocations
187583 | Tar:7    | Entered Level 7 of Tartarus
187715 | Tar:7    | Noticed Ereshkigal
187726 | Tar:7    | Defeated Ereshkigal
187786 | Tar:7    | Got a bone rune of Zot
187791 | Tar:7    | Got a crude glass ring
187795 | Tar:7    | Identified the ring "Coedi" (You found it on level 7 of Tartarus)
187804 | Tar:7    | Reached skill level 24 in Invocations
187880 | Tar:7    | Got a shimmering marble ring
188037 | Tar:7    | Got a scintillating lapis lazuli ring
188173 | Hell     | Identified the ring "Hytam" (You found it on level 7 of Tartarus)
188174 | Hell     | Identified the ring "Qeohu" (You found it on level 7 of Tartarus)
188275 | Geh:1    | Entered Level 1 of Gehenna
188305 | Geh:2    | Noticed a Fiend
188306 | Geh:2    | Defeated a Fiend
188380 | Geh:4    | Noticed a Fiend
188384 | Geh:4    | Defeated a Fiend
188384 | Geh:4    | Reached skill level 25 in Invocations
188448 | Geh:7    | Entered Level 7 of Gehenna
188459 | Geh:7    | Noticed the Serpent of Hell
188461 | Geh:7    | Defeated the Serpent of Hell
188493 | Geh:7    | Noticed a Fiend
188497 | Geh:7    | Defeated a Fiend
188557 | Geh:7    | Noticed a Fiend
188558 | Geh:7    | Defeated a Fiend
188559 | Geh:7    | Noticed a Fiend
188561 | Geh:7    | Defeated a Fiend
188639 | Geh:7    | Noticed a Fiend
188642 | Geh:7    | Defeated a Fiend
188642 | Geh:7    | Reached skill level 26 in Invocations
188648 | Geh:7    | Got an amethyst ring with an ankh
188649 | Geh:7    | Identified the ring of Vitality (You found it on level 7 of Gehenna)
188690 | Geh:7    | Noticed a Fiend
188696 | Geh:7    | Defeated a Fiend
188781 | Geh:7    | Noticed Asmodeus
188782 | Geh:7    | Noticed a Fiend
188782 | Geh:7    | Noticed a Fiend
188785 | Geh:7    | Noticed an efreet
188785 | Geh:7    | Noticed a Fiend
188786 | Geh:7    | Defeated an efreet
188787 | Geh:7    | Defeated a Fiend
188787 | Geh:7    | Defeated a Fiend
188787 | Geh:7    | Defeated a Fiend
188793 | Geh:7    | Noticed an efreet
188794 | Geh:7    | Defeated an efreet
188873 | Geh:7    | Noticed a Fiend
188875 | Geh:7    | Defeated a Fiend
188909 | Geh:7    | Got a flickering zirconium amulet
188909 | Geh:7    | Got an ancient lapis lazuli ring
188917 | Geh:7    | Got an obsidian rune of Zot
188975 | Geh:7    | Noticed a Fiend
188980 | Geh:7    | Defeated a Fiend
188980 | Geh:7    | Reached skill level 19 in Fighting
189003 | Geh:7    | Defeated Asmodeus
189017 | Geh:7    | Got a ruby sceptre
189018 | Geh:7    | Noticed a Fiend
189023 | Geh:7    | Defeated a Fiend
189418 | Lair:1   | Identified the Sceptre of Asmodeus (You took it off Asmodeus on level 7 of Gehenna)
189572 | Orc:4    | Bought a scroll of remove curse for 36 gold pieces
189677 | Elf:4    | Bought a scroll of remove curse for 42 gold pieces
189677 | Elf:4    | Bought a scroll of magic mapping for 49 gold pieces
190333 | Dis:1    | Entered Level 1 of the Iron City of Dis
190373 | Dis:2    | Noticed a Fiend
190377 | Dis:2    | Defeated a Fiend
190581 | Dis:7    | Entered Level 7 of the Iron City of Dis
190657 | Dis:7    | Reached skill level 20 in Fighting
191409 | Dis:7    | Reached skill level 27 in Invocations
191445 | Dis:7    | Noticed a Fiend
191447 | Dis:7    | Noticed an iron dragon
191447 | Dis:7    | Defeated a Fiend
191450 | Dis:7    | Noticed Dispater
191471 | Dis:7    | Noticed a Fiend
191472 | Dis:7    | Defeated a Fiend
191520 | Dis:7    | Defeated Dispater
191541 | Dis:7    | Defeated an iron dragon
191590 | Dis:7    | Got a golden staff
191629 | Dis:7    | Got a smoking golden ring
191629 | Dis:7    | Got an iron rune of Zot
191710 | Dis:7    | Noticed a Fiend
191713 | Dis:7    | Reached skill level 21 in Fighting
191723 | Dis:7    | Noticed a Fiend
191724 | Dis:7    | Defeated a Fiend
191724 | Dis:7    | Defeated a Fiend
191858 | Dis:7    | Noticed an iron dragon
191861 | Dis:7    | Defeated an iron dragon
192658 | Coc:1    | Entered Level 1 of Cocytus
192804 | Coc:7    | Entered Level 7 of Cocytus
193378 | Coc:7    | Noticed Antaeus
193460 | Coc:7    | Defeated Antaeus
193460 | Coc:7    | Reached skill level 22 in Fighting
193534 | Coc:7    | Got an icy rune of Zot
193552 | Hell     | or not
194314 | Pan      | Identified the amulet "Ubrirch" (You found it on level 7 of Gehenna)
194620 | Pan      | Noticed Ignacio
194624 | Pan      | Defeated Ignacio
194624 | Pan      | Reached skill level 27 in Air Magic
194659 | Pan      | Identified the cursed ring of Ygafi (You found it on level 7 of Gehenna)
194919 | Pan      | Noticed Cheuczam the pandemonium lord
194923 | Pan      | Defeated Cheuczam the pandemonium lord
195056 | Pan      | Noticed Sestrael the pandemonium lord
195060 | Pan      | Defeated Sestrael the pandemonium lord
195060 | Pan      | Reached skill level 27 in Spellcasting
195130 | Pan      | Found a gateway to a ziggurat.
195246 | Pan      | You paid a toll of 4080 gold to enter a ziggurat.
195246 | Zig:1    | Entered level 1 of a ziggurat
195271 | Zig:2    | Entered level 2 of a ziggurat
195379 | Zig:3    | Entered level 3 of a ziggurat
195446 | Zig:4    | Entered level 4 of a ziggurat
195473 | Zig:4    | Got a warped copper ring
195528 | Zig:5    | Entered level 5 of a ziggurat
195531 | Zig:5    | Reached skill level 23 in Fighting
195532 | Zig:5    | yay
195624 | Zig:6    | Entered level 6 of a ziggurat
195625 | Zig:6    | not so yay
195747 | Zig:7    | Entered level 7 of a ziggurat
195752 | Zig:7    | Noticed Skirghoax the pandemonium lord
195758 | Zig:7    | Defeated Skirghoax the pandemonium lord
195800 | Zig:7    | Identified the ring "Schuzuif" (You found it on level 7 of the Iron City of Dis)
195800 | Zig:7    | Identified the ring "Poko" (You found it on level 4 of a ziggurat)
195923 | Zig:8    | Entered level 8 of a ziggurat
195935 | Zig:8    | Reached skill level 24 in Fighting
196031 | Zig:9    | Entered level 9 of a ziggurat
196421 | Zig:10   | Entered level 10 of a ziggurat
196635 | Zig:11   | Entered level 11 of a ziggurat
196902 | Zig:12   | Entered level 12 of a ziggurat
196926 | Zig:12   | Reached skill level 25 in Fighting
197164 | Zig:13   | Entered level 13 of a ziggurat
197288 | Zig:14   | Entered level 14 of a ziggurat
197297 | Zig:14   | Reached skill level 26 in Fighting
197543 | Zig:15   | Entered level 15 of a ziggurat
197597 | Zig:15   | Got a pair of silk gloves
197597 | Zig:15   | Got a warped brass ring
197600 | Zig:15   | Reached skill level 27 in Fighting
197605 | Zig:15   | Identified the +2 pair of Fencer's gloves (You found it on level 15 of a ziggurat)
197642 | Zig:16   | Entered level 16 of a ziggurat
197656 | Zig:16   | Reached skill level 21 in Evocations
197866 | Zig:16   | Got a scintillating silver ring
197867 | Zig:16   | Reached skill level 23 in Conjurations
197988 | Zig:17   | Entered level 17 of a ziggurat
198004 | Zig:17   | Reached skill level 22 in Evocations
198110 | Zig:17   | Got a transparent silver ring
198114 | Zig:17   | Identified the cursed ring "Qeatal" (You found it on level 15 of a ziggurat)
198116 | Zig:17   | Identified the ring "Mustrime" (You found it on level 16 of a ziggurat)
198116 | Zig:17   | Identified the ring "Klef" (You found it on level 17 of a ziggurat)
198149 | Zig:18   | Entered level 18 of a ziggurat
198157 | Zig:18   | Reached skill level 23 in Evocations
198159 | Zig:18   | Reached skill level 24 in Conjurations
198361 | Zig:19   | Entered level 19 of a ziggurat
198379 | Zig:19   | Noticed Niloco the pandemonium lord
198383 | Zig:19   | Defeated Niloco the pandemonium lord
198383 | Zig:19   | Reached skill level 24 in Evocations
198476 | Zig:19   | Got a sparkling ruby amulet
198476 | Zig:19   | Got a shimmering brass ring
198480 | Zig:19   | Identified the amulet "Goenno Mischi" (You found it on level 19 of a ziggurat)
198481 | Zig:19   | Identified the ring "Khatt" (You found it on level 19 of a ziggurat)
198689 | Zig:20   | Entered level 20 of a ziggurat
198723 | Zig:20   | Reached skill level 11 in Traps & Doors
198916 | Zig:21   | Entered level 21 of a ziggurat
198925 | Zig:21   | Reached skill level 25 in Conjurations
198984 | Zig:21   | Reached skill level 12 in Traps & Doors
199079 | Zig:21   | Reached skill level 13 in Traps & Doors
199422 | Zig:21   | Got an ancient garnet amulet
199422 | Zig:21   | Got a steaming jade ring
199540 | Zig:21   | yay
199550 | Zig:21   | Identified the amulet "Hoxoerur" (You found it on level 21 of a ziggurat)
199655 | Zig:21   | 78291: how do you have nothing better than a +0 wizard hat
199656 | Zig:21   | aah
199656 | Zig:21   | i guess i could have a +0 helmet instead!
199660 | Zig:22   | Entered level 22 of a ziggurat
199767 | Zig:22   | Reached skill level 2 in Armour
199770 | Zig:22   | Reached skill level 14 in Traps & Doors
199817 | Zig:22   | Reached skill level 3 in Armour
199999 | Zig:22   | Got a slimy copper ring
200038 | Zig:23   | Entered level 23 of a ziggurat
200050 | Zig:23   | Reached skill level 25 in Evocations
200066 | Zig:23   | Reached skill level 15 in Traps & Doors
200412 | Zig:24   | Entered level 24 of a ziggurat
200649 | Zig:24   | Got a scintillating steel ring
200649 | Zig:24   | Got a smoking golden ring
200651 | Zig:24   | Reached skill level 15 in Dodging
200675 | Zig:25   | Entered level 25 of a ziggurat
200711 | Zig:25   | Reached skill level 26 in Conjurations
201313 | Zig:25   | Reached skill level 16 in Dodging
201423 | Zig:26   | Entered level 26 of a ziggurat
201438 | Zig:26   | Reached skill level 4 in Armour
201446 | Zig:26   | Reached skill level 5 in Armour
201447 | Zig:26   | Reached skill level 6 in Armour
201864 | Zig:26   | pretty toadstools
201898 | Zig:26   | Reached skill level 8 in Armour
201943 | Zig:27   | Entered level 27 of a ziggurat
201962 | Zig:27   | Reached skill level 9 in Armour
201976 | Zig:27   | Reached skill level 10 in Armour
202104 | Zig:27   | Got a slimy brass amulet
202105 | Zig:27   | Reached skill level 11 in Armour
202414 | Pan      | Reached skill level 12 in Armour
202464 | Pan      | Identified the cursed ring "Inoing" (You found it on level 24 of a ziggurat)
202889 | Pan      | Identified the ring of Messenger (You found it on level 24 of a ziggurat)
202930 | Pan      | Noticed Wuqapath the pandemonium lord
202939 | Pan      | Defeated Wuqapath the pandemonium lord
202939 | Pan      | Reached skill level 13 in Armour
203063 | Pan      | Noticed Laonyrye the pandemonium lord
205301 | Pan      | Noticed Shuwk the pandemonium lord
205302 | Pan      | Reached skill level 26 in Evocations
205310 | Pan      | Defeated Shuwk the pandemonium lord
205534 | Pan      | Identified the ring "Bryt" (You found it on level 22 of a ziggurat)
205777 | Pan      | Found a gateway to a ziggurat.
205793 | Pan      | You paid a toll of 3610 gold to enter a ziggurat.
205793 | Zig:1    | Entered level 1 of a ziggurat
205866 | Zig:2    | Entered level 2 of a ziggurat
205976 | Zig:3    | Entered level 3 of a ziggurat
206100 | Zig:4    | Entered level 4 of a ziggurat
206141 | Zig:5    | Entered level 5 of a ziggurat
206148 | Zig:5    | Reached skill level 14 in Armour
206294 | Zig:6    | Entered level 6 of a ziggurat
206319 | Zig:6    | Reached skill level 17 in Dodging
206422 | Zig:7    | Entered level 7 of a ziggurat
206511 | Zig:7    | Identified the ring of Lies (You found it on level 21 of a ziggurat)
206621 | Zig:8    | Entered level 8 of a ziggurat
206641 | Zig:8    | Got an ancient bone ring
206644 | Zig:8    | Reached skill level 18 in Dodging
206737 | Zig:9    | Entered level 9 of a ziggurat
206960 | Zig:10   | Entered level 10 of a ziggurat
207031 | Zig:10   | Got a crude emerald amulet
207031 | Zig:10   | Got a warped bronze amulet
207040 | Zig:11   | Entered level 11 of a ziggurat
207212 | Zig:12   | Entered level 12 of a ziggurat
207289 | Zig:12   | Reached skill level 19 in Dodging
207390 | Zig:13   | Entered level 13 of a ziggurat
207393 | Zig:13   | Noticed Trol the pandemonium lord
207407 | Zig:13   | Defeated Trol the pandemonium lord
207407 | Zig:13   | Reached skill level 27 in Conjurations
207441 | Zig:13   | Got a smoking lapis lazuli ring
207441 | Zig:13   | Got a steaming brass ring
207503 | Zig:14   | Entered level 14 of a ziggurat
207515 | Zig:14   | Reached skill level 27 in Evocations
207555 | Zig:14   | Identified the ring "Utzafoad" (You found it on level 8 of a ziggurat)
207555 | Zig:14   | Identified the amulet "Klushrin" (You found it on level 10 of a ziggurat)
207555 | Zig:14   | Identified the amulet "Zaziekk" (You found it on level 10 of a ziggurat)
207559 | Zig:14   | Identified the amulet of Ghousel (You found it on level 27 of a ziggurat)
207561 | Zig:14   | Identified the ring "Upyfukk" (You found it on level 13 of a ziggurat)
207561 | Zig:14   | Identified the ring of Megalomania (You found it on level 13 of a ziggurat)
207644 | Zig:15   | Entered level 15 of a ziggurat
207664 | Zig:15   | Reached skill level 20 in Dodging
207797 | Zig:16   | Entered level 16 of a ziggurat
207811 | Zig:16   | Reached skill level 21 in Dodging
207905 | Zig:16   | Got a fine bone ring
207905 | Zig:16   | Got a fine glass ring
207965 | Zig:17   | Entered level 17 of a ziggurat
207984 | Zig:17   | Noticed Xewuq the pandemonium lord
207991 | Zig:17   | Defeated Xewuq the pandemonium lord
207991 | Zig:17   | Reached skill level 22 in Dodging
208035 | Zig:17   | Got a bronze shield
208051 | Zig:17   | Identified the +5 shield of Resistance (You found it on level 17 of a ziggurat)
208100 | Zig:18   | Entered level 18 of a ziggurat
208228 | Zig:18   | Identified the ring "Brievill" (You found it on level 16 of a ziggurat)
208281 | Zig:19   | Entered level 19 of a ziggurat
208478 | Zig:20   | Entered level 20 of a ziggurat
208489 | Zig:20   | Reached skill level 15 in Armour
208675 | Zig:20   | Reached skill level 16 in Armour
208985 | Zig:21   | Entered level 21 of a ziggurat
208997 | Zig:21   | Reached skill level 17 in Armour
209313 | Zig:21   | Got a shimmering ivory amulet
209313 | Zig:21   | Got a warped pewter amulet
209314 | Zig:21   | Reached skill level 18 in Armour
209315 | Zig:21   | Identified the ring of the Three Realms (You found it on level 16 of a ziggurat)
209315 | Zig:21   | Identified the amulet "Guajuur" (You found it on level 21 of a ziggurat)
209318 | Zig:21   | Identified the amulet of Cotaaz (You found it on level 21 of a ziggurat)
209345 | Zig:22   | Entered level 22 of a ziggurat
209523 | Zig:22   | hyperbolic: these levels are so annoying
209523 | Zig:22   | ZChris13: ZIGNAGA
209526 | Zig:22   | they're a pain, yeah
209580 | Zig:22   | Reached skill level 19 in Armour
209865 | Zig:23   | Entered level 23 of a ziggurat
209874 | Zig:23   | oops
209874 | Zig:23   | hyperbolic: aah the boggarts
209877 | Zig:23   | Reached skill level 20 in Armour
210213 | Zig:23   | Got a pair of thick gauntlets
210218 | Zig:23   | Identified the +3 pair of gauntlets of War (You found it on level 23 of a ziggurat)
210239 | Zig:23   | hyperbolic: nice unrands
210263 | Zig:23   | vitality is the coolest one :)
210264 | Zig:23   | i'm liking the chei strength for carrying all these potions, too
210296 | Zig:24   | Entered level 24 of a ziggurat
210303 | Zig:24   | Reached skill level 21 in Armour
210479 | Zig:24   | Got a steaming turquoise ring
210479 | Zig:24   | Got a wavering wooden ring
210569 | Zig:25   | Entered level 25 of a ziggurat
210582 | Zig:25   | Reached skill level 22 in Armour
210909 | Zig:25   | Got an encrusted cloak
210909 | Zig:25   | Got a twitching jade amulet
210910 | Zig:25   | Reached skill level 13 in Summonings
210912 | Zig:25   | hyperbolic: you didn't pick up slaying! how could you
210914 | Zig:25   | oh heh, didn't spot that
210914 | Zig:25   | no identify scrolls though :(
210931 | Zig:25   | Identified the +2 cloak "Coch" (You found it on level 25 of a ziggurat)
210938 | Zig:26   | Entered level 26 of a ziggurat
210964 | Zig:26   | Reached skill level 23 in Armour
211393 | Zig:26   | Got a pitted diamond amulet
211393 | Zig:26   | Got a shimmering amethyst amulet
211393 | Zig:26   | Got a twitching emerald amulet
211393 | Zig:26   | Got a warped brass ring
211502 | Zig:27   | Entered level 27 of a ziggurat
211516 | Zig:27   | Reached skill level 15 in Shields
211519 | Zig:27   | Reached skill level 16 in Shields
211525 | Zig:27   | Reached skill level 17 in Shields
211756 | Zig:27   | Identified the ring of Fabuobbuer (You found it on level 24 of a ziggurat)
211758 | Zig:27   | Identified the ring of the Lost Hells (You found it on level 24 of a ziggurat)
211760 | Zig:27   | Identified the amulet "Qaqiomin" (You found it on level 26 of a ziggurat)
211764 | Zig:27   | Got a faintly glowing iron ring
211999 | Pan      | Reached skill level 17 in Necromancy
212026 | Pan      | Noticed Qomeotz the pandemonium lord
212032 | Pan      | Defeated Qomeotz the pandemonium lord
212068 | Pan      | Reached skill level 18 in Necromancy
212112 | Pan      | Got a steaming diamond amulet
212198 | Pan      | Noticed Uweczitt the pandemonium lord
212206 | Pan      | Defeated Uweczitt the pandemonium lord
212217 | Pan      | Reached skill level 19 in Necromancy
213215 | Pan      | Found a gateway to a ziggurat.
213225 | Pan      | You paid a toll of 4020 gold to enter a ziggurat.
213225 | Zig:1    | Entered level 1 of a ziggurat
213245 | Zig:2    | Entered level 2 of a ziggurat
213351 | Zig:3    | Entered level 3 of a ziggurat
213370 | Zig:4    | Entered level 4 of a ziggurat
213394 | Zig:4    | Got a scale-covered lance
213395 | Zig:4    | Identified the Wyrmbane {slay drac, +Rage rPois rF+ AC+5} (You found it on level 4 of a ziggurat)
213465 | Zig:5    | Entered level 5 of a ziggurat
213575 | Zig:6    | Entered level 6 of a ziggurat
213629 | Zig:7    | Entered level 7 of a ziggurat
213717 | Zig:8    | Entered level 8 of a ziggurat
213895 | Zig:9    | Entered level 9 of a ziggurat
213931 | Zig:9    | Reached skill level 15 in Transmutations
213999 | Zig:10   | Entered level 10 of a ziggurat
214008 | Zig:10   | Reached skill level 14 in Summonings
214008 | Zig:10   | Reached skill level 20 in Necromancy
214109 | Zig:10   | Got a sapphire ring
214179 | Zig:11   | Entered level 11 of a ziggurat
214245 | Zig:11   | Got a scintillating lapis lazuli ring
214246 | Zig:11   | Identified the ring "Qose Thre" (You found it on level 11 of a ziggurat)
214246 | Zig:11   | Identified the ring of the Mage {Int+3} (You found it on level 10 of a ziggurat)
214354 | Zig:12   | Entered level 12 of a ziggurat
214366 | Zig:12   | Reached skill level 24 in Armour
214601 | Zig:12   | Got a dirty hat
214601 | Zig:12   | Got a faintly glowing steel amulet
214605 | Zig:12   | Identified the +2 hat of the Alchemist (You found it on level 12 of a ziggurat)
214609 | Zig:12   | Identified the amulet of Gluttony (You found it on level 12 of a ziggurat)
214659 | Zig:13   | Entered level 13 of a ziggurat
214803 | Zig:13   | Reached skill level 25 in Armour
214970 | Zig:14   | Entered level 14 of a ziggurat
215103 | Zig:15   | Entered level 15 of a ziggurat
215106 | Zig:15   | Noticed Adwehump the pandemonium lord
215106 | Zig:15   | Noticed Kiutioh the pandemonium lord
215107 | Zig:15   | Noticed Mnufotot the pandemonium lord
215110 | Zig:15   | Defeated Kiutioh the pandemonium lord
215112 | Zig:15   | Noticed Alufih the pandemonium lord
215112 | Zig:15   | Defeated Adwehump the pandemonium lord
215112 | Zig:15   | Defeated Mnufotot the pandemonium lord
215113 | Zig:15   | Noticed Oteuf the pandemonium lord
215115 | Zig:15   | Noticed Shoyneoj the pandemonium lord
215126 | Zig:15   | Gained mutation: You are dopey (Int -1).
215131 | Zig:15   | Defeated Shoyneoj the pandemonium lord
215131 | Zig:15   | Defeated Oteuf the pandemonium lord
215132 | Zig:15   | Defeated Alufih the pandemonium lord
215132 | Zig:15   | Reached skill level 26 in Armour
215294 | Zig:16   | Entered level 16 of a ziggurat
215304 | Zig:16   | Noticed Ukacoe the pandemonium lord
215311 | Zig:16   | Defeated Ukacoe the pandemonium lord
215366 | Zig:17   | Entered level 17 of a ziggurat
215512 | Zig:17   | Got a warped copper ring
215513 | Zig:17   | Identified the ring of Forphef (You found it on level 17 of a ziggurat)
215586 | Zig:17   | Lost mutation: You are dopey (Int -1).
215586 | Zig:17   | Lost mutation: Your muscles are strong (Str +1).
215691 | Zig:18   | Entered level 18 of a ziggurat
215700 | Zig:18   | Noticed Jukirrou the pandemonium lord
215701 | Zig:18   | Noticed Jakhloet the pandemonium lord
215702 | Zig:18   | Noticed Xoiloits the pandemonium lord
215705 | Zig:18   | Noticed Romaryarch the pandemonium lord
215705 | Zig:18   | Noticed Smutwit the pandemonium lord
215706 | Zig:18   | Defeated Jukirrou the pandemonium lord
215707 | Zig:18   | Noticed Kicsior the pandemonium lord
215707 | Zig:18   | Noticed Cetogyl the pandemonium lord
215707 | Zig:18   | Noticed Eda Sumo the pandemonium lord
215709 | Zig:18   | Noticed Tepag the pandemonium lord
215709 | Zig:18   | Defeated Xoiloits the pandemonium lord
215709 | Zig:18   | Reached skill level 27 in Armour
215709 | Zig:18   | Reached skill level 23 in Dodging
215710 | Zig:18   | Noticed Nage the pandemonium lord
215718 | Zig:18   | Defeated Jakhloet the pandemonium lord
215719 | Zig:18   | Defeated Smutwit the pandemonium lord
215721 | Zig:18   | Defeated Cetogyl the pandemonium lord
215722 | Zig:18   | Defeated Kicsior the pandemonium lord
215722 | Zig:18   | Defeated Tepag the pandemonium lord
215722 | Zig:18   | Defeated Eda Sumo the pandemonium lord
215722 | Zig:18   | Defeated Nage the pandemonium lord
215724 | Zig:18   | Paralysed by a giant eyeball for 2 turns
215727 | Zig:18   | Defeated Romaryarch the pandemonium lord
215814 | Zig:18   | Got a pair of ancient gloves
215818 | Zig:18   | Identified the +2 pair of gloves of Trog's Delight (You found it on level 18 of a ziggurat)
216031 | Zig:19   | Entered level 19 of a ziggurat
216046 | Zig:19   | Reached skill level 24 in Dodging
216053 | Zig:19   | Noticed Rueguby the pandemonium lord
216066 | Zig:19   | Defeated Rueguby the pandemonium lord
216122 | Zig:19   | Reached skill level 16 in Traps & Doors
216241 | Zig:20   | Entered level 20 of a ziggurat
216254 | Zig:20   | Reached skill level 17 in Traps & Doors
216264 | Zig:20   | Reached skill level 18 in Traps & Doors
216506 | Zig:20   | Got an ichor-stained gold dragon armour
216506 | Zig:20   | Got a jade ring
216532 | Zig:20   | Identified the +11 gold dragon armour of the Storm King (You took it off a guardian mummy on level 20 of a ziggurat)
216627 | Zig:21   | Entered level 21 of a ziggurat
216636 | Zig:21   | Reached skill level 19 in Traps & Doors
216640 | Zig:21   | Reached skill level 25 in Dodging
216869 | Zig:21   | Reached skill level 20 in Traps & Doors
217003 | Zig:22   | Entered level 22 of a ziggurat
217242 | Zig:22   | Got a brightly glowing tin ring
217280 | Zig:22   | Identified the ring of Zuidehex (You found it on level 22 of a ziggurat)
217431 | Zig:23   | Entered level 23 of a ziggurat
217447 | Zig:23   | Reached skill level 21 in Traps & Doors
217522 | Zig:23   | Got a twitching silver ring
217671 | Zig:24   | Entered level 24 of a ziggurat
217679 | Zig:24   | Reached skill level 26 in Dodging
217734 | Zig:24   | Reached skill level 22 in Traps & Doors
217991 | Zig:24   | Got a twitching turquoise ring
217991 | Zig:24   | Got a wavering ivory ring
218095 | Zig:24   | Identified the ring "Cluk" (You found it on level 23 of a ziggurat)
218095 | Zig:24   | Identified the ring of Umuirim (You found it on level 24 of a ziggurat)
218095 | Zig:24   | Identified the ring of Shaolin (You found it on level 20 of a ziggurat)
218098 | Zig:24   | Identified the ring of Pleniy (You found it on level 24 of a ziggurat)
218167 | Zig:25   | Entered level 25 of a ziggurat
218198 | Zig:25   | Reached skill level 23 in Traps & Doors
218275 | Zig:25   | Got a jewelled bronze crown
218279 | Zig:25   | Identified the +3 crown of Dyrovepreva (You found it on level 25 of a ziggurat)
218400 | Zig:26   | Entered level 26 of a ziggurat
218411 | Zig:26   | Reached skill level 27 in Dodging
218422 | Zig:26   | Reached skill level 18 in Shields
218786 | Zig:26   | Got a crude tin amulet
218788 | Zig:26   | Identified the amulet of the Eleven Spirits (You found it on level 26 of a ziggurat)
218908 | Zig:27   | Entered level 27 of a ziggurat
218919 | Zig:27   | Reached skill level 19 in Shields
218922 | Zig:27   | Reached skill level 13 in Staves
219558 | Zig:27   | Got a steel ring
219673 | Zig:27   | Reached skill level 14 in Staves
219962 | Pan      | Reached skill level 15 in Staves
220058 | Pan      | Noticed Boego the pandemonium lord
220062 | Pan      | Defeated Boego the pandemonium lord
220321 | Pan      | Reached skill level 16 in Staves
220498 | Pan      | Identified the ring of Robustness (You found it on level 27 of a ziggurat)
220620 | Pan      | Noticed Sma Reitreo the pandemonium lord
220629 | Pan      | Reached skill level 20 in Shields
220629 | Pan      | Defeated Sma Reitreo the pandemonium lord
220855 | Pan      | Noticed Onluucus the pandemonium lord
220859 | Pan      | Defeated Onluucus the pandemonium lord
221096 | Pan      | Noticed Fef Ihad the pandemonium lord
221103 | Pan      | Defeated Fef Ihad the pandemonium lord
221103 | Pan      | Reached skill level 17 in Staves
221428 | Pan      | Reached skill level 21 in Shields
221725 | Lair:1   | Learned a level 7 spell: Conjure Ball Lightning
221755 | Lair:1   | Learned a level 7 spell: Orb of Destruction
222170 | Abyss    | Entered The Abyss
222237 | Abyss    | Noticed a sea snake simulacrum
222240 | Abyss    | Defeated a sea snake simulacrum
222289 | Abyss    | Noticed a red devil
222293 | Abyss    | Defeated a red devil
222597 | Abyss    | Gained mutation: Your body is slowly deteriorating.
222601 | Abyss    | Lost mutation: Your body is slowly deteriorating.
222825 | Abyss    | Noticed a red ugly thing
222828 | Abyss    | Defeated a red ugly thing
222848 | Abyss    | Noticed a soul eater
222853 | Abyss    | Defeated a soul eater
222931 | Abyss    | Noticed a great orb of eyes
222935 | Abyss    | Defeated a great orb of eyes
223228 | Abyss    | Noticed a red devil
223230 | Abyss    | Defeated a red devil
223495 | Abyss    | Reached skill level 22 in Shields
223520 | Abyss    | Noticed a giant eyeball
223522 | Abyss    | Paralysed by a giant eyeball for 2 turns
223526 | Abyss    | Defeated a giant eyeball
223809 | Abyss    | Noticed an unborn deep dwarf
223814 | Abyss    | Noticed a profane servitor
223815 | Abyss    | Noticed a phantom
223815 | Abyss    | Noticed a phantom
223815 | Abyss    | Defeated a phantom
223815 | Abyss    | Defeated a phantom
223817 | Abyss    | Defeated an unborn deep dwarf
223819 | Abyss    | Defeated a profane servitor
223968 | Abyss    | Noticed a tentacled monstrosity
223984 | Abyss    | Defeated a tentacled monstrosity
224075 | Abyss    | Noticed a silent spectre
224079 | Abyss    | Defeated a silent spectre
224083 | Abyss    | Noticed a tentacled monstrosity
224101 | Abyss    | Defeated a tentacled monstrosity
224105 | Abyss    | Defeated a pale draconian simulacrum
224154 | Abyss    | Noticed a deep dwarf scion
224158 | Abyss    | Defeated a deep dwarf scion
224165 | Abyss    | Noticed a deep dwarf
224167 | Abyss    | Defeated a deep dwarf
224202 | Abyss    | Noticed a red draconian
224204 | Abyss    | Defeated a red draconian
224303 | Abyss    | Got an abyssal rune of Zot
224455 | Abyss    | Noticed a giant eyeball
224456 | Abyss    | Defeated a giant eyeball
224485 | Abyss    | Noticed a red draconian
224488 | Abyss    | Defeated a red draconian
224572 | Abyss    | Gained mutation: You have a fast metabolism.
224573 | Abyss    | Gained mutation: Space occasionally distorts in your vicinity.
224576 | Abyss    | Lost mutation: You have a fast metabolism.
224576 | Abyss    | Lost mutation: Space occasionally distorts in your vicinity.
224643 | Abyss    | Noticed a vapour
224647 | Abyss    | Defeated a vapour
224680 | Abyss    | Defeated a wood golem
224699 | Abyss    | Noticed a tormentor
224700 | Abyss    | Defeated a tormentor
224724 | Abyss    | Noticed a merfolk simulacrum
224732 | Abyss    | Defeated a merfolk simulacrum
224744 | Abyss    | Defeated a green ugly thing
225945 | Pan      | Reached skill level 23 in Shields
226033 | Pan      | Found a gateway to a ziggurat.
226073 | Pan      | You paid a toll of 3750 gold to enter a ziggurat.
226073 | Zig:1    | Entered level 1 of a ziggurat
226148 | Zig:2    | Entered level 2 of a ziggurat
226243 | Zig:3    | Entered level 3 of a ziggurat
226260 | Zig:4    | Entered level 4 of a ziggurat
226292 | Zig:4    | Got an ancient marble ring
226296 | Zig:5    | Entered level 5 of a ziggurat
226327 | Zig:6    | Entered level 6 of a ziggurat
226356 | Zig:6    | Got a sparkling ivory ring
226363 | Zig:7    | Entered level 7 of a ziggurat
226427 | Zig:8    | Entered level 8 of a ziggurat
226437 | Zig:8    | Reached skill level 24 in Shields
226471 | Zig:9    | Entered level 9 of a ziggurat
226514 | Zig:9    | Identified the ring "Khoti" (You found it on level 6 of a ziggurat)
226515 | Zig:9    | Identified the ring "Fedas" (You found it on level 4 of a ziggurat)
226590 | Zig:10   | Entered level 10 of a ziggurat
226685 | Zig:10   | Got a twitching silver ring
226694 | Zig:11   | Entered level 11 of a ziggurat
226708 | Zig:11   | Reached skill level 25 in Shields
226741 | Zig:11   | Got a thin dagger
226741 | Zig:11   | Got a scintillating amber ring
226778 | Zig:12   | Entered level 12 of a ziggurat
226865 | Zig:12   | Fa: How many Zigs have you done? :V
226865 | Zig:12   | this is the 3rd i think
226946 | Zig:13   | Entered level 13 of a ziggurat
226977 | Zig:13   | jle: Had any fun angel levels yet?
226977 | Zig:13   | not yet!
226977 | Zig:13   | no late pan/tomb/angel so far
227000 | Zig:13   | Got an ancient bronze ring
227000 | Zig:13   | Got a slimy steel ring
227001 | Zig:13   | squarelos: boring
227001 | Zig:13   | not my fault someone buffed tornado again :(
227001 | Zig:13   | i wanted to try it with the new supposedly worthless tornado!
227001 | Zig:13   | squarelos: buff zigs
227001 | Zig:13   | good idea
227006 | Zig:13   | Identified the ring of Peace (You found it on level 10 of a ziggurat)
227008 | Zig:13   | Identified the ring "Shriub" (You found it on level 11 of a ziggurat)
227008 | Zig:13   | Identified the ring "Mueray" (You found it on level 13 of a ziggurat)
227011 | Zig:13   | Identified the ring "Bliquud" (You found it on level 13 of a ziggurat)
227018 | Zig:14   | Entered level 14 of a ziggurat
227032 | Zig:14   | Noticed Veureotu the pandemonium lord
227045 | Zig:14   | Defeated Veureotu the pandemonium lord
227122 | Zig:15   | Entered level 15 of a ziggurat
227218 | Zig:15   | Reached skill level 26 in Shields
227230 | Zig:16   | Entered level 16 of a ziggurat
227617 | Zig:16   | Reached skill level 27 in Shields
227669 | Zig:17   | Entered level 17 of a ziggurat
227688 | Zig:17   | Reached skill level 2 in Long Blades
227776 | Zig:17   | Got a shimmering steel ring
227779 | Zig:17   | Identified the ring "Gukyuv" (You found it on level 17 of a ziggurat)
227801 | Zig:18   | Entered level 18 of a ziggurat
227811 | Zig:18   | Reached skill level 16 in Transmutations
227811 | Zig:18   | Reached skill level 15 in Summonings
227812 | Zig:18   | Reached skill level 15 in Translocations
227914 | Zig:18   | Reached skill level 21 in Necromancy
227925 | Zig:19   | Entered level 19 of a ziggurat
227940 | Zig:19   | Reached skill level 16 in Summonings
227940 | Zig:19   | Reached skill level 16 in Translocations
227940 | Zig:19   | Reached skill level 17 in Transmutations
228048 | Zig:19   | Got a warped crystal amulet
228052 | Zig:19   | Identified the amulet "Tofonof" (You found it on level 19 of a ziggurat)
228135 | Zig:20   | Entered level 20 of a ziggurat
228708 | Zig:20   | Got a colourful book
228726 | Zig:20   | Got a brightly glowing steel ring
228727 | Zig:20   | Reached skill level 17 in Summonings
228728 | Zig:20   | Identified the ring of Amiceut (You found it on level 20 of a ziggurat)
228737 | Zig:21   | Entered level 21 of a ziggurat
228757 | Zig:21   | Reached skill level 17 in Translocations
228759 | Zig:21   | Reached skill level 18 in Transmutations
228762 | Zig:21   | Reached skill level 22 in Necromancy
228889 | Zig:22   | Entered level 22 of a ziggurat
228909 | Zig:22   | Reached skill level 18 in Summonings
228917 | Zig:22   | Reached skill level 18 in Translocations
228930 | Zig:22   | Reached skill level 19 in Transmutations
229265 | Zig:22   | Got a faintly glowing brass ring
229267 | Zig:22   | Identified the ring "Goad" (You found it on level 22 of a ziggurat)
229276 | Zig:23   | Entered level 23 of a ziggurat
229302 | Zig:23   | Reached skill level 18 in Staves
229319 | Zig:23   | Paralysed by a giant eyeball for 3 turns
229357 | Zig:23   | Reached skill level 19 in Staves
229394 | Zig:23   | Got a flickering lead ring
229394 | Zig:23   | Got a smoking platinum ring
229398 | Zig:23   | Identified the ring "Tayd" (You found it on level 23 of a ziggurat)
229398 | Zig:23   | Identified the ring of Igatson (You found it on level 23 of a ziggurat)
229489 | Zig:24   | Entered level 24 of a ziggurat
229509 | Zig:24   | Reached skill level 20 in Staves
229710 | Zig:25   | Entered level 25 of a ziggurat
229736 | Zig:25   | Reached skill level 21 in Staves
229743 | Zig:25   | Noticed Seenibia the pandemonium lord
229753 | Zig:25   | Defeated Seenibia the pandemonium lord
229921 | Zig:26   | Entered level 26 of a ziggurat
229935 | Zig:26   | Reached skill level 22 in Staves
229948 | Zig:26   | Reached skill level 23 in Staves
230551 | Zig:26   | Got a warped silver ring
230555 | Zig:26   | Identified the ring of Egomania (You found it on level 26 of a ziggurat)
230631 | Zig:27   | Entered level 27 of a ziggurat
230658 | Zig:27   | Reached skill level 24 in Staves
230675 | Zig:27   | Reached skill level 25 in Staves
230695 | Zig:27   | Reached skill level 26 in Staves
231487 | Pan      | Noticed Guetamn the pandemonium lord
231504 | Pan      | Defeated Guetamn the pandemonium lord
231732 | Pan      | Noticed Tyetueff the pandemonium lord
231739 | Pan      | Defeated Tyetueff the pandemonium lord
231739 | Pan      | Reached skill level 27 in Staves
232030 | Lair:1   | Identified the Staff of Dispater (You took it off Dispater on level 7 of the Iron City of Dis)
232562 | Zot:5    | Got the Orb of Zot
232940 | D:19     | Noticed Vuoptasa the pandemonium lord
232941 | D:19     | Defeated Vuoptasa the pandemonium lord
232947 | D:19     | Noticed Byagorch the pandemonium lord
232949 | D:19     | Defeated Byagorch the pandemonium lord
232950 | D:19     | Noticed an earth elemental
232953 | D:19     | Defeated an earth elemental
233035 | D:15     | Noticed Vivise the pandemonium lord
233036 | D:15     | Noticed a shining eye
233036 | D:15     | Defeated Vivise the pandemonium lord
233036 | D:15     | Defeated a shining eye
233038 | D:15     | Noticed a tentacled monstrosity
233043 | D:15     | Defeated a tentacled monstrosity
233293 | D:4      | Noticed a lich
233471 | D:$      | Escaped with the Orb!

Vanquished Creatures
  Monster Symbol All ';'
  3 sharks
  7 giant goldfish
  A lava fish (Hell)
  8 electric eels
  8 big fish
27 creatures vanquished. All '@' Norris (Elf:3) Margery (Crypt:2) 3 Killer Klowns (Zot:5) Frederick (Crypt:2) Nikola (Shoals:3) Rupert (D:16) Donald (Shoals:1) Louise (Snake:2) Jozef (Lair:8) 24 vault guards (Vault:8) Erica (Elf:1) Harold (Lair:5) 17 hell knights A human (Orc:4) 7 wizards 21 necromancers Joseph (D:11) A glowing shapeshifter (D:27) A human (shapeshifter) (Vault:7) Sigmund (D:3)
87 creatures vanquished. All '*' 8 orbs of fire (Zot:5) 15 ball lightnings (Port) 3 giant spores
26 creatures vanquished. All '&' Asmodeus (Geh:7) Cerebov (Pan) Gloorx Vloq (Pan) Mnoleg (Pan) Ereshkigal (Tar:7) Dispater (Dis:7) Lom Lobon (Pan) 42 pandemonium lords Geryon (Hell)
50 creatures vanquished. All '%' 8 death cobs
8 creatures vanquished. All '1' Ignacio (Pan) 29 Fiends 14 Pit Fiends 46 Ice Fiends 25 Shadow Fiends 48 Executioners
163 creatures vanquished. All '2' 37 balrugs 28 cacodemons 84 reapers 16 Green Deaths 22 blizzard demons 17 lorocyprocas 27 shadow demons 55 hellions 47 tormentors 19 hell beasts
352 creatures vanquished. All '3' 60 soul eaters 71 ice devils 57 sun demons 180 smoke demons 97 ynoxinuls 164 neqoxecs 19 chaos spawn
648 creatures vanquished. All '4' 64 sixfirhies 156 hellwings 159 orange demons 43 iron devils 101 blue devils 30 hairy devils 75 red devils 67 rotting devils
695 creatures vanquished. All '5' 95 imps 180 iron imps 25 quasits 186 lemures 139 midges 52 shadow imps 212 white imps 393 ufetubi
1282 creatures vanquished. All '7' 28 dancing weapons
28 creatures vanquished. All '8' 6 electric golems Roxanne (Shoals:2) 14 iron golems 4 ice statues 2 statues (Crypt:5) 3 stone golems A clay golem (D:18) 2 wood golems 2 orange crystal statues A silver statue (Tomb:1)
36 creatures vanquished. All '9' 14 metal gargoyles (Dis:7) 3 molten gargoyles (Geh:7)
17 creatures vanquished. All 'a' A queen ant (shapeshifter) (D:27) 7 soldier ants A soldier ant (shapeshifter) (D:27) A worker ant (shapeshifter) (D:27) 16 worker ants An ant larva (shapeshifter) (Vault:8)
27 creatures vanquished. All 'A' Mennas (Vault:5) 2 profane servitors 4 Daevas 3 Angels
10 creatures vanquished. All 'b' 8 fire bats 103 bats 11 butterflies (Port)
122 creatures vanquished. All 'B' 19 boring beetles 20 boulder beetles 9 goliath beetles
48 creatures vanquished. All 'c' 108 yaktaur captains 52 centaur warriors A yaktaur (shapeshifter) (Vault:8) 99 yaktaurs 63 centaurs
323 creatures vanquished. All 'C' Antaeus (Coc:7) 30 titans 124 stone giants 41 frost giants 28 fire giants 13 ettins 48 hill giants 3 cyclopes (shapeshifter) 54 cyclopes
342 creatures vanquished. All 'd' Tiamat (Zot:4) 23 draconian monks 29 draconian scorchers 21 draconian knights 29 draconian zealots 38 draconian annihilators 28 draconian shifters 6 green draconians 27 draconian callers 13 grey draconians 8 mottled draconians 6 black draconians 5 purple draconians 12 white draconians 7 pale draconians 8 red draconians 8 yellow draconians
269 creatures vanquished. All 'D' the Serpent of Hell (Geh:7) 12 golden dragons Xtahua (Vault:7) 5 quicksilver dragons 30 shadow dragons 28 storm dragons 32 bone dragons 6 iron dragons 16 dragons 29 hydras 42 ice dragons A hydra (shapeshifter) (D:17) 2 swamp dragons (Port) A swamp dragon (shapeshifter) (Vault:5) 13 wyverns 12 steam dragons (Port) 14 mottled dragons
245 creatures vanquished. All 'e' 24 deep elf blademasters 25 deep elf sorcerers 35 deep elf annihilators 14 deep elf death magi 51 deep elf master archers 35 deep elf demonologists 2 deep elf high priests (Elf:5) 65 deep elf knights 2 elves (shapeshifter) 32 deep elf conjurers 40 deep elf summoners 55 deep elf fighters 30 deep elf priests 50 deep elf magi 77 deep elf soldiers
537 creatures vanquished. All 'E' 4 air elementals 6 fire elementals 6 water elementals (Coc:7) 2 earth elementals
18 creatures vanquished. All 'f' 3 wandering mushrooms (Zot:4) 11 ballistomycetes 9 fungi 247 toadstools
270 creatures vanquished. All 'F' 40 spiny frogs A spiny frog (shapeshifter) (Elf:3) 10 blink frogs 30 giant frogs A giant frog (shapeshifter) (D:27)
82 creatures vanquished. All 'g' Wiglaf (Elf:5) 44 deep dwarf death knights (Port) 54 deep dwarf berserkers (Port) 91 deep dwarf artificers (Port) 56 deep dwarf necromancers 70 deep dwarf scions Grum (Shoals:1) 94 deep dwarves 25 gnolls A gnoll (shapeshifter) (D:27) 37 hobgoblins 47 goblins
521 creatures vanquished. All 'G' 18 great orbs of eyes 10 giant orange brains A giant orange brain (shapeshifter) (Port) 17 shining eyes 6 eyes of devastation 8 golden eyes 19 eyes of draining 2 eyes of draining (shapeshifter) 21 giant eyeballs
102 creatures vanquished. All 'h' 16 hell hogs 18 war dogs 44 hell hounds 14 wolves (Port) 15 wargs 21 hounds 42 jackals
170 creatures vanquished. All 'H' A sphinx (shapeshifter) (D:27) 13 sphinxes A minotaur (shapeshifter) (Vault:8) A manticore (shapeshifter) (Port) 31 manticores
47 creatures vanquished. All 'i' Agnes (Snake:4) 2 spriggans (shapeshifter) 5 boggarts (D:18)
8 creatures vanquished. All 'j' 8 elephant slugs 13 giant slugs 21 agate snails
42 creatures vanquished. All 'J' the royal jelly (Slime:6) 42 acid blobs 28 azure jellies 6 death oozes 31 giant amoebae 2 slime creatures (shapeshifter) 138 slime creatures 35 brown oozes 2 pulsating lumps (Port) 11 jellyfish 2 pulsating lumps (shapeshifter) 59 jellies 19 oozes
376 creatures vanquished. All 'k' 3 queen bees 309 killer bees A killer bee (shapeshifter) (Vault:8) 56 killer bee larvae
369 creatures vanquished. All 'K' Sonja (Snake:1) 2 kobold demonologists 6 big kobolds 60 kobolds A kobold (shapeshifter) (Vault:8)
70 creatures vanquished. All 'l' 14 death drakes (Port) 3 lindwurms A komodo dragon (shapeshifter) (D:16) 41 komodo dragons 17 basilisks 24 fire drakes 11 swamp drakes (Port) 8 iguanas A giant gecko (shapeshifter) (D:27) 10 giant geckos 11 giant newts
141 creatures vanquished. All 'L' 27 ancient liches Boris (twice) (D:20 Vault:8) 17 liches 27 unborn deep dwarves
73 creatures vanquished. All 'm' Ilsuiw (Shoals:3) A siren (shapeshifter) (Vault:8) 14 sirens 9 merfolk aquamancers 29 merfolk javelineers 5 merfolk impalers 32 mermaids A mermaid (shapeshifter) (D:27) 5 merfolk (shapeshifter) 74 merfolk
171 creatures vanquished. All 'M' 44 greater mummies 50 mummy priests 187 guardian mummies Menkaure (D:5) 157 mummies
439 creatures vanquished. All 'n' 26 ghouls 91 necrophages
117 creatures vanquished. All 'N' 15 greater nagas 6 salamanders (Snake:5) 37 naga warriors 40 naga magi A naga (shapeshifter) (D:27) 167 nagas
266 creatures vanquished. All 'o' Saint Roka (Crypt:5) 20 orc warlords 12 orc high priests 75 orc knights Urug (D:11) 24 orc sorcerers 85 orc warriors Blork the orc (D:8) 35 orc priests 60 orc wizards 428 orcs
742 creatures vanquished. All 'O' 19 ogre magi Erolcha (D:10) 18 two-headed ogres 53 ogres
91 creatures vanquished. All 'p' 52 flayed ghosts 4 silent spectres 30 hungry ghosts 30 phantoms 109 shadows
225 creatures vanquished. All 'P' 14 oklob plants 2 bushes 55 plants
71 creatures vanquished. All 'Q' 39 harpies 14 griffons 25 hippogriffs
78 creatures vanquished. All 'r' 25 orange rats 11 porcupines An orange rat (shapeshifter) (Vault:8) 112 green rats 24 grey rats 26 quokkas 67 rats
266 creatures vanquished. All 'R' Mara (Vault:2) Azrael (Elf:1) 6 rakshasas 12 efreeti 5 illusory rakshasas (Port)
25 creatures vanquished. All 's' 4 emperor scorpions (Port) An emperor scorpion (shapeshifter) (D:27) 22 trapdoor spiders 41 wolf spiders 50 redbacks 11 demonic crawlers 6 jumping spiders 71 tarantellas (Port) 9 spiders 46 scorpions 19 giant centipedes A giant mite (shapeshifter) (D:26) 69 giant mites 50 giant cockroaches
400 creatures vanquished. All 'S' Aizul (Vault:4) 2 anacondas (shapeshifter) 29 anacondas 2 sea snakes (shapeshifter) 14 sea snakes 10 guardian serpents 173 black mambas A water moccasin (shapeshifter) (Vault:2) 205 water moccasins 4 lava snakes 210 snakes 11 small snakes
662 creatures vanquished. All 't' 2 alligator snapping turtles 4 fire crabs 33 snapping turtles 38 crocodiles
77 creatures vanquished. All 'T' Snorg (D:16) 27 deep trolls 18 iron trolls 17 rock trolls A rock troll (shapeshifter) (Vault:5) 20 trolls
84 creatures vanquished. All 'u' 19 very ugly things 182 ugly things
201 creatures vanquished. All 'U' A polar bear (shapeshifter) (D:19) 28 polar bears 3 grizzly bears
32 creatures vanquished. All 'v' 9 vapours 27 insubstantial wisps
36 creatures vanquished. All 'V' A vampire knight (Port) 3 vampire magi 51 vampires
55 creatures vanquished. All 'w' 14 spiny worms 3 rock worms 2 lava worms (Geh:6) 3 brain worms 8 worms 7 tentacles
37 creatures vanquished. All 'W' 11 eidola 39 shadow wraiths 42 phantasmal warriors 119 wraiths 113 freezing wraiths
324 creatures vanquished. All 'x' 10 unseen horrors 19 feature mimics 3 item mimics 151 small abominations
183 creatures vanquished. All 'X' 21 Orb Guardians (Zot:5) 2 krakens 41 tentacled monstrosities 133 large large abominations
197 creatures vanquished. All 'y' 66 ghost moths 45 moths of wrath 61 red wasps 61 vampire mosquitoes 9 yellow wasps
242 creatures vanquished. All 'Y' A hellephant (Port) 27 death yaks 5 catoblepae 31 elephants 2 elephants (shapeshifter) 110 yaks 84 ice beasts 5 sky beasts 44 sheep
309 creatures vanquished. All 'z' 3 curse toes A curse skull (Crypt:2) 28 draconian zombies 4 elf skeletons 13 white draconian zombies (Port) 174 skeletal warriors 11 mottled draconian zombies 8 green draconian zombies 18 yellow draconian zombies 14 black draconian zombies 6 purple draconian zombies (Port) 2 grey draconian zombies 12 pale draconian zombies 9 sea snake zombies (Port) 6 red draconian zombies (Port) 3 grey draconian skeletons (Port) 12 green draconian skeletons 13 purple draconian skeletons 14 red draconian skeletons 7 white draconian skeletons 7 yellow draconian skeletons 14 pale draconian skeletons 6 siren zombies 8 sea snake skeletons 25 flaming corpses 7 mottled draconian skeletons 8 black draconian skeletons 2 red wasp zombies 9 siren skeletons 2 black mamba skeletons A white draconian simulacrum (Tomb:2) A giant firefly zombie (Coc:7) A yellow draconian simulacrum (Tomb:1) A raven zombie (Tomb:1) A red draconian simulacrum (Port) 2 sea snake simulacra A black draconian simulacrum (Port) 3 purple draconian simulacra 2 green draconian simulacra (Port) A spriggan skeleton (Tomb:1) 11 raven skeletons 14 human zombies A siren simulacrum (Port) A baby alligator skeleton (Tar:1) 5 merfolk zombies 3 redback zombies A blink frog zombie (Tar:3) 2 blink frog skeletons 2 hog zombies 5 fire crab zombies 11 merfolk skeletons 2 mermaid zombies A jumping spider zombie (Coc:6) A bumblebee zombie (Dis:7) 2 queen bee zombies 3 merfolk simulacra A giant goldfish zombie (Coc:7) A giant goldfish skeleton (Coc:7) 2 wolf zombies A mermaid simulacrum (Tomb:3) 3 war dog skeletons A water moccasin zombie (Crypt:1) 2 yellow wasp zombies 2 fire crab simulacra 3 war dog zombies 4 soldier ant zombies 2 wolf skeletons 2 octopode zombies 40 elf zombies A black bear zombie (Coc:6) 2 basilisk zombies 2 tarantella zombies 2 water moccasin skeletons A black bear skeleton (Tomb:1) 2 basilisk skeletons 149 wights 5 killer bee zombies A tarantella simulacrum (Tomb:2) 5 brain worm zombies A dwarf zombie (Crypt:4) 4 big kobold zombies A kenku zombie (Tar:7) A felid skeleton (Crypt:4) 2 deep dwarf skeletons 145 deep dwarf zombies A demigod zombie (Tar:7) 2 big kobold skeletons 4 hound zombies 2 basilisk simulacra A demigod skeleton (Tar:2) 2 dwarf skeletons 6 hound skeletons 3 worker ant zombies 3 orange rat zombies (Hell) 4 orange rat skeletons (Hell) A big kobold simulacrum (D:18) A hound simulacrum (Port) 3 worm zombies An orange rat simulacrum (Tomb:2) 2 goliath beetle zombies 2 worker ant simulacra 142 flying skulls A giant centipede zombie (D:14) A halfling skeleton (Tomb:2) 2 scorpion zombies A snake skeleton (Tar:1) 5 snake zombies 2 sheep skeletons A sheep zombie (Tar:7) An iguana skeleton (D:6) A porcupine skeleton (Crypt:1) 2 porcupine zombies (Tomb:1) A goliath beetle simulacrum (Port) A giant centipede simulacrum (Tomb:1) A sheep simulacrum (Tomb:2) A bat simulacrum (Port) 2 bat skeletons 4 bat zombies A green rat zombie (Coc:6) 2 giant mite zombies 2 gnoll skeletons 3 ant larva zombies 2 giant gecko skeletons (Tar:1) A giant gecko zombie (Tar:7) 2 goblin simulacra A goblin skeleton (Crypt:2) A goblin zombie (Port) 2 grey rat skeletons 2 grey rat zombies A hobgoblin simulacrum (Port) 2 hobgoblin skeletons 4 hobgoblin zombies A jackal simulacrum (Port) 2 jackal zombies A killer bee larva simulacrum (Tomb:1) 3 killer bee larva zombies 3 kobold simulacra (Port) 2 kobold skeletons 2 kobold zombies An orc simulacrum (Port) 5 orc skeletons 41 orc zombies 2 quokka skeletons 2 rat simulacra A rat skeleton (D:5) 4 rat zombies 2 small snake skeletons (Tar:7) 2 small snake zombies
1220 creatures vanquished. All 'Z' A quicksilver dragon zombie (Abyss) 7 quicksilver dragon skeletons 2 titan zombies (Port) 9 titan skeletons 4 storm dragon zombies A quicksilver dragon simulacrum (Port) 9 storm dragon skeletons An anaconda zombie (Crypt:1) 2 golden dragon zombies 4 anaconda skeletons (Port) 17 shadow dragon zombies 7 golden dragon skeletons 4 iron dragon zombies 4 sphinx zombies (Port) 7 fire giant zombies 3 frost giant zombies 7 sphinx skeletons 14 shadow dragon skeletons 10 stone giant zombies 7 fire giant skeletons 3 iron dragon skeletons A dire elephant zombie (Geh:5) 19 stone giant skeletons 7 frost giant skeletons A storm dragon simulacrum (Port) 2 dire elephant skeletons (Port) 3 elephant slug zombies 2 alligator snapping turtle zombies (Port) A death yak zombie (Port) 7 iron troll zombies 6 alligator snapping turtle skeletons 2 minotaur zombies (Port) A death yak skeleton (Crypt:4) 2 hydra zombies A harpy zombie (Crypt:5) 9 iron troll skeletons 6 catoblepas zombies 5 minotaur skeletons 5 death drake zombies 7 dragon zombies 4 harpy skeletons 4 alligator zombies 2 death drake skeletons A guardian serpent zombie (Port) 6 catoblepas skeletons (Port) 5 hydra skeletons 9 ice dragon zombies 5 griffon zombies A stone giant simulacrum (Port) 6 ettin zombies 10 trapdoor spider zombies 8 spiny worm zombies 4 dragon skeletons 2 guardian serpent skeletons 10 ice dragon skeletons 8 ettin skeletons 3 emperor scorpion zombies 2 queen ant zombies (Port) 6 griffon skeletons A hill giant zombie (D:19) 2 alligator skeletons (Port) A death yak simulacrum (Port) 6 hill giant skeletons 4 deep troll zombies 4 rock troll zombies 3 agate snail zombies 7 deep troll skeletons A catoblepas simulacrum (Port) A snapping turtle zombie (Port) 10 trapdoor spider simulacra 12 rock troll skeletons A spiny frog skeleton (Crypt:1) An elephant zombie (Port) 3 snapping turtle skeletons (Port) An ice dragon simulacrum (Port) 5 lindwurm zombies 2 swamp dragon zombies (Port) 5 elephant skeletons 7 swamp dragon skeletons 2 lindwurm skeletons (Port) 11 yaktaur zombies 4 giant slug zombies A komodo dragon zombie (Vault:4) 6 cyclops zombies 3 manticore zombies (Port) 5 yaktaur skeletons 2 wyvern skeletons 6 cyclops skeletons A deep troll simulacrum (Port) 2 rock worm zombies 5 manticore skeletons A yak zombie (D:21) An elephant simulacrum (Port) 2 grizzly bear skeletons 2 yak skeletons A polar bear skeleton (Crypt:5) 2 hippogriff skeletons (Crypt:5) A troll skeleton (Hell) A giant frog zombie (Crypt:4) 2 boring beetle zombies 3 boulder beetle zombies 4 cyclops simulacra (Port) 2 warg zombies A giant frog skeleton (Crypt:5) A two-headed ogre zombie (Vault:3) A centaur skeleton (Tomb:1) A manticore simulacrum (Port) A yaktaur simulacrum (Vault:1) A giant leech zombie (Crypt:5) 10 ogre zombies 2 ogre skeletons A crocodile skeleton (Hell) 2 mottled dragon skeletons 3 naga zombies 2 naga skeletons 2 swamp drake zombies A steam dragon skeleton (Crypt:5)
482 creatures vanquished.
14663 creatures vanquished. Monster Nature Uniques Antaeus (Coc:7) Asmodeus (Geh:7) Cerebov (Pan) Gloorx Vloq (Pan) Ignacio (Pan) Mnoleg (Pan) the royal jelly (Slime:6) Ereshkigal (Tar:7) Dispater (Dis:7) Tiamat (Zot:4) the Serpent of Hell (Geh:7) Lom Lobon (Pan) Saint Roka (Crypt:5) Boris (twice) (D:20 Vault:8) Norris (Elf:3) Mara (Vault:2) Margery (Crypt:2) Mennas (Vault:5) Geryon (Hell) Xtahua (Vault:7) Frederick (Crypt:2) Nikola (Shoals:3) Rupert (D:16) Agnes (Snake:4) Roxanne (Shoals:2) Aizul (Vault:4) Ilsuiw (Shoals:3) Donald (Shoals:1) Wiglaf (Elf:5) Louise (Snake:2) Jozef (Lair:8) Azrael (Elf:1) Snorg (D:16) Erica (Elf:1) Harold (Lair:5) Erolcha (D:10) Joseph (D:11) Urug (D:11) Sonja (Snake:1) Grum (Shoals:1) Menkaure (D:5) Sigmund (D:3) Blork the orc (D:8)
44 creatures vanquished. Natural Monsters 3 Killer Klowns (Zot:5) 12 golden dragons 21 Orb Guardians (Zot:5) 24 deep elf blademasters 5 quicksilver dragons 66 ghost moths 30 shadow dragons 42 acid blobs 2 krakens 30 titans 28 storm dragons A sphinx (shapeshifter) (D:27) 13 sphinxes 23 draconian monks 29 draconian scorchers 21 draconian knights 124 stone giants 6 iron dragons 41 frost giants 29 draconian zealots 20 orc warlords 28 azure jellies 38 draconian annihilators 28 draconian shifters 28 fire giants 6 green draconians 27 draconian callers 13 grey draconians 8 mottled draconians 15 greater nagas 6 black draconians 25 deep elf sorcerers 5 purple draconians 35 deep elf annihilators 14 deep elf death magi 12 white draconians 7 pale draconians 51 deep elf master archers 8 red draconians 8 yellow draconians 24 vault guards (Vault:8) 18 great orbs of eyes A siren (shapeshifter) (Vault:8) 16 dragons 13 ettins 6 salamanders (Snake:5) 108 yaktaur captains 14 sirens A minotaur (shapeshifter) (Vault:8) 9 merfolk aquamancers 29 merfolk javelineers 29 hydras 19 ogre magi 42 ice dragons A hydra (shapeshifter) (D:17) 2 alligator snapping turtles 2 anacondas (shapeshifter) 35 deep elf demonologists 27 death yaks 29 anacondas 27 deep trolls 5 merfolk impalers 2 deep elf high priests (Elf:5) 19 very ugly things 52 centaur warriors 12 orc high priests 5 catoblepae 4 emperor scorpions (Port) An emperor scorpion (shapeshifter) (D:27) 10 giant orange brains 65 deep elf knights 2 sea snakes (shapeshifter) 14 death drakes (Port) 44 deep dwarf death knights (Port) 18 iron trolls A giant orange brain (shapeshifter) (Port) 17 hell knights A human (Orc:4) 10 unseen horrors 7 wizards 2 elves (shapeshifter) 37 naga warriors 14 sea snakes 75 orc knights 2 swamp dragons (Port) 21 necromancers 3 lindwurms A swamp dragon (shapeshifter) (Vault:5) 39 harpies 31 giant amoebae 54 deep dwarf berserkers (Port) 10 guardian serpents 24 orc sorcerers 14 spiny worms 48 hill giants 3 cyclopes (shapeshifter) 54 cyclopes 17 shining eyes 45 moths of wrath 14 griffons 6 eyes of devastation A glowing shapeshifter (D:27) 173 black mambas 61 red wasps 2 slime creatures (shapeshifter) 8 elephant slugs 31 elephants 2 elephants (shapeshifter) 22 trapdoor spiders 41 wolf spiders 4 fire crabs 138 slime creatures 40 spiny frogs 17 rock trolls A rock troll (shapeshifter) (Vault:5) A queen ant (shapeshifter) (D:27) 40 naga magi A komodo dragon (shapeshifter) (D:16) 99 yaktaurs A yaktaur (shapeshifter) (Vault:8) 182 ugly things 32 mermaids A spiny frog (shapeshifter) (Elf:3) A mermaid (shapeshifter) (D:27) 20 trolls 41 komodo dragons 50 redbacks 33 snapping turtles 91 deep dwarf artificers (Port) A polar bear (shapeshifter) (D:19) 2 spriggans (shapeshifter) 56 deep dwarf necromancers 3 queen bees 28 polar bears A human (shapeshifter) (Vault:7) 18 two-headed ogres 35 brown oozes 3 grizzly bears 10 blink frogs 70 deep dwarf scions 13 wyverns 3 sharks 17 basilisks 110 yaks 32 deep elf conjurers 40 deep elf summoners 5 merfolk (shapeshifter) 24 fire drakes 25 hippogriffs 18 war dogs 8 golden eyes 3 rock worms 12 steam dragons (Port) 74 merfolk A manticore (shapeshifter) (Port) 31 manticores 6 jumping spiders 14 mottled dragons 55 deep elf fighters 7 soldier ants 30 deep elf priests A soldier ant (shapeshifter) (D:27) 94 deep dwarves 84 ice beasts 11 swamp drakes (Port) 7 giant goldfish 53 ogres 85 orc warriors A naga (shapeshifter) (D:27) 9 yellow wasps 5 sky beasts 167 nagas 2 kobold demonologists 63 centaurs 2 lava worms (Geh:6) 38 crocodiles 14 wolves (Port) 19 boring beetles 13 giant slugs 15 wargs 6 big kobolds 71 tarantellas (Port) 30 giant frogs A giant frog (shapeshifter) (D:27) 3 brain worms 50 deep elf magi A water moccasin (shapeshifter) (Vault:2) 205 water moccasins 21 agate snails 309 killer bees A killer bee (shapeshifter) (Vault:8) 8 fire bats 19 eyes of draining 2 eyes of draining (shapeshifter) 20 boulder beetles 2 pulsating lumps (Port) 9 goliath beetles A lava fish (Hell) 9 spiders 11 jellyfish 8 electric eels 2 pulsating lumps (shapeshifter) 8 big fish 4 lava snakes 35 orc priests 25 orange rats 21 hounds 60 orc wizards 11 porcupines 77 deep elf soldiers 46 scorpions An orange rat (shapeshifter) (Vault:8) A worker ant (shapeshifter) (D:27) 44 sheep 8 iguanas 16 worker ants 5 boggarts (D:18) 59 jellies 25 gnolls A gnoll (shapeshifter) (D:27) 210 snakes 19 giant centipedes A giant mite (shapeshifter) (D:26) 112 green rats 8 worms 69 giant mites 24 grey rats 21 giant eyeballs 10 giant geckos A giant gecko (shapeshifter) (D:27) 19 oozes 428 orcs 103 bats 50 giant cockroaches 37 hobgoblins 42 jackals 60 kobolds 26 quokkas An ant larva (shapeshifter) (Vault:8) 11 giant newts 47 goblins 56 killer bee larvae A kobold (shapeshifter) (Vault:8) 67 rats 11 small snakes 11 butterflies (Port) 7 tentacles
7447 creatures vanquished. Non-Living Monsters 8 orbs of fire (Zot:5) 6 electric golems 28 dancing weapons 15 ball lightnings (Port) 14 iron golems 9 vapours 4 ice statues 2 statues (Crypt:5) 3 stone golems 19 feature mimics 4 air elementals 14 metal gargoyles (Dis:7) 3 molten gargoyles (Geh:7) A clay golem (D:18) 2 wood golems 6 fire elementals 6 water elementals (Coc:7) 3 item mimics 2 orange crystal statues 27 insubstantial wisps A silver statue (Tomb:1) 2 earth elementals
179 creatures vanquished. Undead Monsters 27 ancient liches 44 greater mummies 3 curse toes 2 profane servitors 17 liches 26 ghouls 32 bone dragons A quicksilver dragon zombie (Abyss) 7 quicksilver dragon skeletons A curse skull (Crypt:2) 2 titan zombies (Port) A vampire knight (Port) 9 titan skeletons 50 mummy priests 4 storm dragon zombies 11 eidola 27 unborn deep dwarves A quicksilver dragon simulacrum (Port) 9 storm dragon skeletons An anaconda zombie (Crypt:1) 2 golden dragon zombies 6 death oozes 8 death cobs 4 anaconda skeletons (Port) 17 shadow dragon zombies 7 golden dragon skeletons 4 iron dragon zombies 4 sphinx zombies (Port) 28 draconian zombies 7 fire giant zombies 3 frost giant zombies 7 sphinx skeletons 14 shadow dragon skeletons 10 stone giant zombies 7 fire giant skeletons 3 iron dragon skeletons A dire elephant zombie (Geh:5) 19 stone giant skeletons 39 shadow wraiths 7 frost giant skeletons 4 elf skeletons A storm dragon simulacrum (Port) 2 dire elephant skeletons (Port) 13 white draconian zombies (Port) 174 skeletal warriors 11 mottled draconian zombies 3 elephant slug zombies 8 green draconian zombies 18 yellow draconian zombies 2 alligator snapping turtle zombies (Port) 14 black draconian zombies 6 purple draconian zombies (Port) 2 grey draconian zombies A death yak zombie (Port) 12 pale draconian zombies 52 flayed ghosts 9 sea snake zombies (Port) 7 iron troll zombies 6 red draconian zombies (Port) 3 grey draconian skeletons (Port) 6 alligator snapping turtle skeletons 2 minotaur zombies (Port) 12 green draconian skeletons 13 purple draconian skeletons 14 red draconian skeletons 7 white draconian skeletons 7 yellow draconian skeletons 14 pale draconian skeletons 6 siren zombies 8 sea snake skeletons 3 vampire magi A death yak skeleton (Crypt:4) 25 flaming corpses 7 mottled draconian skeletons 2 hydra zombies 42 phantasmal warriors 8 black draconian skeletons A harpy zombie (Crypt:5) 9 iron troll skeletons 6 catoblepas zombies 2 red wasp zombies 5 minotaur skeletons 5 death drake zombies 7 dragon zombies 4 harpy skeletons 9 siren skeletons 4 alligator zombies 2 death drake skeletons A guardian serpent zombie (Port) 6 catoblepas skeletons (Port) 5 hydra skeletons 9 ice dragon zombies 5 griffon zombies A stone giant simulacrum (Port) 6 ettin zombies 10 trapdoor spider zombies 8 spiny worm zombies 4 dragon skeletons 2 guardian serpent skeletons 10 ice dragon skeletons 2 black mamba skeletons 8 ettin skeletons A white draconian simulacrum (Tomb:2) A giant firefly zombie (Coc:7) 3 emperor scorpion zombies 2 queen ant zombies (Port) 6 griffon skeletons A hill giant zombie (D:19) 2 alligator skeletons (Port) 187 guardian mummies A yellow draconian simulacrum (Tomb:1) A raven zombie (Tomb:1) A red draconian simulacrum (Port) 2 sea snake simulacra A black draconian simulacrum (Port) 3 purple draconian simulacra 2 green draconian simulacra (Port) A death yak simulacrum (Port) A spriggan skeleton (Tomb:1) 6 hill giant skeletons 11 raven skeletons 4 deep troll zombies 4 rock troll zombies 14 human zombies 3 agate snail zombies 7 deep troll skeletons A siren simulacrum (Port) 4 silent spectres A catoblepas simulacrum (Port) A snapping turtle zombie (Port) 10 trapdoor spider simulacra 12 rock troll skeletons A baby alligator skeleton (Tar:1) 5 merfolk zombies A spiny frog skeleton (Crypt:1) An elephant zombie (Port) 3 snapping turtle skeletons (Port) 3 redback zombies A blink frog zombie (Tar:3) An ice dragon simulacrum (Port) 2 blink frog skeletons 5 lindwurm zombies 2 swamp dragon zombies (Port) 5 elephant skeletons 51 vampires 7 swamp dragon skeletons 30 hungry ghosts 2 hog zombies 5 fire crab zombies 2 lindwurm skeletons (Port) 119 wraiths 11 merfolk skeletons 61 vampire mosquitoes 2 mermaid zombies 11 yaktaur zombies 4 giant slug zombies A komodo dragon zombie (Vault:4) 6 cyclops zombies 91 necrophages A jumping spider zombie (Coc:6) 3 manticore zombies (Port) 5 yaktaur skeletons 2 wyvern skeletons 113 freezing wraiths 6 cyclops skeletons A deep troll simulacrum (Port) 2 rock worm zombies A bumblebee zombie (Dis:7) 2 queen bee zombies 5 manticore skeletons A yak zombie (D:21) 3 merfolk simulacra 30 phantoms An elephant simulacrum (Port) A giant goldfish zombie (Coc:7) A giant goldfish skeleton (Coc:7) 2 grizzly bear skeletons 2 yak skeletons A polar bear skeleton (Crypt:5) 2 hippogriff skeletons (Crypt:5) A troll skeleton (Hell) 2 wolf zombies A giant frog zombie (Crypt:4) A mermaid simulacrum (Tomb:3) 3 war dog skeletons 2 boring beetle zombies 3 boulder beetle zombies A water moccasin zombie (Crypt:1) 2 yellow wasp zombies 2 fire crab simulacra 3 war dog zombies 4 soldier ant zombies 2 wolf skeletons 2 octopode zombies 40 elf zombies 4 cyclops simulacra (Port) 2 warg zombies A giant frog skeleton (Crypt:5) A two-headed ogre zombie (Vault:3) A black bear zombie (Coc:6) 2 basilisk zombies 2 tarantella zombies 2 water moccasin skeletons A centaur skeleton (Tomb:1) A manticore simulacrum (Port) A black bear skeleton (Tomb:1) A yaktaur simulacrum (Vault:1) 2 basilisk skeletons A giant leech zombie (Crypt:5) 149 wights 5 killer bee zombies A tarantella simulacrum (Tomb:2) 5 brain worm zombies A dwarf zombie (Crypt:4) 10 ogre zombies 4 big kobold zombies A kenku zombie (Tar:7) A felid skeleton (Crypt:4) 109 shadows 2 deep dwarf skeletons 145 deep dwarf zombies A demigod zombie (Tar:7) 2 ogre skeletons 2 big kobold skeletons 4 hound zombies 2 basilisk simulacra A crocodile skeleton (Hell) A demigod skeleton (Tar:2) 2 mottled dragon skeletons 2 dwarf skeletons 3 naga zombies 6 hound skeletons 2 naga skeletons 3 worker ant zombies 3 orange rat zombies (Hell) 2 swamp drake zombies 4 orange rat skeletons (Hell) A big kobold simulacrum (D:18) A hound simulacrum (Port) A steam dragon skeleton (Crypt:5) 3 worm zombies An orange rat simulacrum (Tomb:2) 2 goliath beetle zombies 157 mummies 2 worker ant simulacra 142 flying skulls A giant centipede zombie (D:14) A halfling skeleton (Tomb:2) 2 scorpion zombies A snake skeleton (Tar:1) 5 snake zombies 2 sheep skeletons A sheep zombie (Tar:7) An iguana skeleton (D:6) A porcupine skeleton (Crypt:1) 2 porcupine zombies (Tomb:1) A goliath beetle simulacrum (Port) A giant centipede simulacrum (Tomb:1) A sheep simulacrum (Tomb:2) A bat simulacrum (Port) 2 bat skeletons 4 bat zombies A green rat zombie (Coc:6) 2 giant mite zombies 2 gnoll skeletons 3 ant larva zombies 2 giant gecko skeletons (Tar:1) A giant gecko zombie (Tar:7) 2 goblin simulacra A goblin skeleton (Crypt:2) A goblin zombie (Port) 2 grey rat skeletons 2 grey rat zombies A hobgoblin simulacrum (Port) 2 hobgoblin skeletons 4 hobgoblin zombies A jackal simulacrum (Port) 2 jackal zombies A killer bee larva simulacrum (Tomb:1) 3 killer bee larva zombies 3 kobold simulacra (Port) 2 kobold skeletons 2 kobold zombies An orc simulacrum (Port) 5 orc skeletons 41 orc zombies 2 quokka skeletons 2 rat simulacra A rat skeleton (D:5) 4 rat zombies 2 small snake skeletons (Tar:7) 2 small snake zombies
3041 creatures vanquished. Demonic Monsters 42 pandemonium lords A hellephant (Port) 29 Fiends 14 Pit Fiends 46 Ice Fiends 25 Shadow Fiends 37 balrugs 48 Executioners 41 tentacled monstrosities 28 cacodemons 84 reapers 16 Green Deaths 22 blizzard demons 17 lorocyprocas 6 rakshasas 16 hell hogs 60 soul eaters 71 ice devils 57 sun demons 133 large large abominations 27 shadow demons 55 hellions 64 sixfirhies 156 hellwings 47 tormentors 159 orange demons 180 smoke demons 12 efreeti 43 iron devils 101 blue devils 97 ynoxinuls 30 hairy devils 11 demonic crawlers 19 hell beasts 164 neqoxecs 19 chaos spawn 44 hell hounds 75 red devils 67 rotting devils 151 small abominations 95 imps 180 iron imps 25 quasits 186 lemures 139 midges 52 shadow imps 212 white imps 393 ufetubi 5 illusory rakshasas (Port)
3601 creatures vanquished. Plants 14 oklob plants 3 wandering mushrooms (Zot:4) 3 giant spores 11 ballistomycetes 2 bushes 9 fungi 55 plants 247 toadstools
344 creatures vanquished.
14663 creatures vanquished. Ascending Order Antaeus (Coc:7) Mnoleg (Pan) Ignacio (Pan) Gloorx Vloq (Pan) Cerebov (Pan) Asmodeus (Geh:7) the royal jelly (Slime:6) Ereshkigal (Tar:7) Dispater (Dis:7) Tiamat (Zot:4) the Serpent of Hell (Geh:7) Lom Lobon (Pan) Saint Roka (Crypt:5) Norris (Elf:3) Mara (Vault:2) Margery (Crypt:2) Mennas (Vault:5) Geryon (Hell) Xtahua (Vault:7) Frederick (Crypt:2) A hellephant (Port) Nikola (Shoals:3) A sphinx (shapeshifter) (D:27) Rupert (D:16) Agnes (Snake:4) Roxanne (Shoals:2) Aizul (Vault:4) Ilsuiw (Shoals:3) Donald (Shoals:1) Wiglaf (Elf:5) Louise (Snake:2) A quicksilver dragon zombie (Abyss) A curse skull (Crypt:2) Jozef (Lair:8) Azrael (Elf:1) Snorg (D:16) A vampire knight (Port) A siren (shapeshifter) (Vault:8) A quicksilver dragon simulacrum (Port) An anaconda zombie (Crypt:1) Erica (Elf:1) A minotaur (shapeshifter) (Vault:8) Harold (Lair:5) A hydra (shapeshifter) (D:17) A dire elephant zombie (Geh:5) An emperor scorpion (shapeshifter) (D:27) A storm dragon simulacrum (Port) A giant orange brain (shapeshifter) (Port) A human (Orc:4) Erolcha (D:10) A death yak zombie (Port) A swamp dragon (shapeshifter) (Vault:5) A death yak skeleton (Crypt:4) Joseph (D:11) Urug (D:11) A harpy zombie (Crypt:5) A glowing shapeshifter (D:27) A guardian serpent zombie (Port) A stone giant simulacrum (Port) A white draconian simulacrum (Tomb:2) A rock troll (shapeshifter) (Vault:5) A giant firefly zombie (Coc:7) A queen ant (shapeshifter) (D:27) A hill giant zombie (D:19) A komodo dragon (shapeshifter) (D:16) A yaktaur (shapeshifter) (Vault:8) A yellow draconian simulacrum (Tomb:1) A raven zombie (Tomb:1) A spiny frog (shapeshifter) (Elf:3) A mermaid (shapeshifter) (D:27) A red draconian simulacrum (Port) A black draconian simulacrum (Port) Sonja (Snake:1) A death yak simulacrum (Port) A spriggan skeleton (Tomb:1) A polar bear (shapeshifter) (D:19) A human (shapeshifter) (Vault:7) A siren simulacrum (Port) A catoblepas simulacrum (Port) A snapping turtle zombie (Port) A baby alligator skeleton (Tar:1) A spiny frog skeleton (Crypt:1) An elephant zombie (Port) A blink frog zombie (Tar:3) An ice dragon simulacrum (Port) Grum (Shoals:1) A clay golem (D:18) A komodo dragon zombie (Vault:4) A manticore (shapeshifter) (Port) Menkaure (D:5) A jumping spider zombie (Coc:6) A soldier ant (shapeshifter) (D:27) A deep troll simulacrum (Port) A bumblebee zombie (Dis:7) A yak zombie (D:21) A naga (shapeshifter) (D:27) An elephant simulacrum (Port) A giant goldfish zombie (Coc:7) A giant goldfish skeleton (Coc:7) A polar bear skeleton (Crypt:5) A troll skeleton (Hell) Sigmund (D:3) A giant frog zombie (Crypt:4) A mermaid simulacrum (Tomb:3) A giant frog (shapeshifter) (D:27) A water moccasin (shapeshifter) (Vault:2) A water moccasin zombie (Crypt:1) A silver statue (Tomb:1) A giant frog skeleton (Crypt:5) A two-headed ogre zombie (Vault:3) A black bear zombie (Coc:6) Blork the orc (D:8) A centaur skeleton (Tomb:1) A manticore simulacrum (Port) A black bear skeleton (Tomb:1) A yaktaur simulacrum (Vault:1) A killer bee (shapeshifter) (Vault:8) A giant leech zombie (Crypt:5) A tarantella simulacrum (Tomb:2) A dwarf zombie (Crypt:4) A kenku zombie (Tar:7) A felid skeleton (Crypt:4) A lava fish (Hell) A demigod zombie (Tar:7) A demigod skeleton (Tar:2) A crocodile skeleton (Hell) A worker ant (shapeshifter) (D:27) An orange rat (shapeshifter) (Vault:8) A big kobold simulacrum (D:18) A hound simulacrum (Port) A steam dragon skeleton (Crypt:5) An orange rat simulacrum (Tomb:2) A gnoll (shapeshifter) (D:27) A halfling skeleton (Tomb:2) A snake skeleton (Tar:1) A giant centipede zombie (D:14) A sheep zombie (Tar:7) A giant mite (shapeshifter) (D:26) An iguana skeleton (D:6) A porcupine skeleton (Crypt:1) A goliath beetle simulacrum (Port) A giant centipede simulacrum (Tomb:1) A sheep simulacrum (Tomb:2) A bat simulacrum (Port) A green rat zombie (Coc:6) A giant gecko (shapeshifter) (D:27) A goblin skeleton (Crypt:2) A giant gecko zombie (Tar:7) A kobold (shapeshifter) (Vault:8) An orc simulacrum (Port) A goblin zombie (Port) A rat skeleton (D:5) An ant larva (shapeshifter) (Vault:8) A jackal simulacrum (Port) A killer bee larva simulacrum (Tomb:1) A hobgoblin simulacrum (Port) Boris (twice) (D:20 Vault:8) 2 profane servitors 2 krakens 2 titan zombies (Port) 2 golden dragon zombies 2 alligator snapping turtles 2 anacondas (shapeshifter) 2 deep elf high priests (Elf:5) 2 sea snakes (shapeshifter) 2 dire elephant skeletons (Port) 2 alligator snapping turtle zombies (Port) 2 elves (shapeshifter) 2 grey draconian zombies 2 swamp dragons (Port) 2 minotaur zombies (Port) 2 statues (Crypt:5) 2 hydra zombies 2 red wasp zombies 2 death drake skeletons 2 slime creatures (shapeshifter) 2 elephants (shapeshifter) 2 guardian serpent skeletons 2 black mamba skeletons 2 queen ant zombies (Port) 2 alligator skeletons (Port) 2 sea snake simulacra 2 green draconian simulacra (Port) 2 spriggans (shapeshifter) 2 blink frog skeletons 2 swamp dragon zombies (Port) 2 hog zombies 2 lindwurm skeletons (Port) 2 wood golems 2 mermaid zombies 2 orange crystal statues 2 wyvern skeletons 2 rock worm zombies 2 queen bee zombies 2 kobold demonologists 2 yak skeletons 2 grizzly bear skeletons 2 lava worms (Geh:6) 2 hippogriff skeletons (Crypt:5) 2 wolf zombies 2 boring beetle zombies 2 yellow wasp zombies 2 fire crab simulacra 2 wolf skeletons 2 octopode zombies 2 earth elementals 2 warg zombies 2 basilisk zombies 2 tarantella zombies 2 water moccasin skeletons 2 basilisk skeletons 2 eyes of draining (shapeshifter) 2 pulsating lumps (Port) 2 deep dwarf skeletons 2 pulsating lumps (shapeshifter) 2 ogre skeletons 2 big kobold skeletons 2 mottled dragon skeletons 2 basilisk simulacra 2 dwarf skeletons 2 naga skeletons 2 swamp drake zombies 2 worker ant simulacra 2 goliath beetle zombies 2 scorpion zombies 2 sheep skeletons 2 porcupine zombies (Tomb:1) 2 bat skeletons 2 gnoll skeletons 2 giant mite zombies 2 hobgoblin skeletons 2 kobold zombies 2 small snake skeletons (Tar:7) 2 grey rat zombies 2 small snake zombies 2 grey rat skeletons 2 goblin simulacra 2 jackal zombies 2 giant gecko skeletons (Tar:1) 2 quokka skeletons 2 rat simulacra 2 kobold skeletons 2 bushes 3 curse toes 3 Killer Klowns (Zot:5) 3 Angels 3 frost giant zombies 3 iron dragon skeletons 3 elephant slug zombies 3 grey draconian skeletons (Port) 3 lindwurms 3 vampire magi 3 cyclopes (shapeshifter) 3 stone golems 3 emperor scorpion zombies 3 wandering mushrooms (Zot:4) 3 purple draconian simulacra 3 agate snail zombies 3 queen bees 3 grizzly bears 3 snapping turtle skeletons (Port) 3 redback zombies 3 sharks 3 molten gargoyles (Geh:7) 3 rock worms 3 item mimics 3 manticore zombies (Port) 3 merfolk simulacra 3 war dog skeletons 3 brain worms 3 boulder beetle zombies 3 war dog zombies 3 naga zombies 3 worker ant zombies 3 orange rat zombies (Hell) 3 worm zombies 3 giant spores 3 ant larva zombies 3 killer bee larva zombies 3 kobold simulacra (Port) 4 Daevas 4 storm dragon zombies 4 anaconda skeletons (Port) 4 iron dragon zombies 4 sphinx zombies (Port) 4 emperor scorpions (Port) 4 elf skeletons 4 ice statues 4 harpy skeletons 4 alligator zombies 4 fire crabs 4 dragon skeletons 4 deep troll zombies 4 rock troll zombies 4 silent spectres 4 air elementals 4 giant slug zombies 4 soldier ant zombies 4 cyclops simulacra (Port) 4 big kobold zombies 4 lava snakes 4 hound zombies 4 orange rat skeletons (Hell) 4 bat zombies 4 hobgoblin zombies 4 rat zombies 5 quicksilver dragons 5 purple draconians 5 merfolk impalers 5 catoblepae 5 minotaur skeletons 5 death drake zombies 5 hydra skeletons 5 griffon zombies 5 merfolk zombies 5 lindwurm zombies 5 elephant skeletons 5 merfolk (shapeshifter) 5 fire crab zombies 5 yaktaur skeletons 5 manticore skeletons 5 sky beasts 5 killer bee zombies 5 brain worm zombies 5 boggarts (D:18) 5 snake zombies 5 orc skeletons 5 illusory rakshasas (Port) 6 electric golems 6 iron dragons 6 green draconians 6 black draconians 6 salamanders (Snake:5) 6 death oozes 6 rakshasas 6 purple draconian zombies (Port) 6 red draconian zombies (Port) 6 alligator snapping turtle skeletons 6 siren zombies 6 catoblepas zombies 6 eyes of devastation 6 catoblepas skeletons (Port) 6 ettin zombies 6 griffon skeletons 6 hill giant skeletons 6 fire elementals 6 water elementals (Coc:7) 6 cyclops zombies 6 jumping spiders 6 cyclops skeletons 6 big kobolds 6 hound skeletons 7 quicksilver dragon skeletons 7 pale draconians 7 golden dragon skeletons 7 sphinx skeletons 7 fire giant zombies 7 fire giant skeletons 7 frost giant skeletons 7 wizards 7 iron troll zombies 7 white draconian skeletons 7 yellow draconian skeletons 7 mottled draconian skeletons 7 dragon zombies 7 deep troll skeletons 7 swamp dragon skeletons 7 soldier ants 7 giant goldfish 7 tentacles 8 orbs of fire (Zot:5) 8 mottled draconians 8 red draconians 8 yellow draconians 8 death cobs 8 green draconian zombies 8 sea snake skeletons 8 black draconian skeletons 8 elephant slugs 8 spiny worm zombies 8 ettin skeletons 8 golden eyes 8 fire bats 8 electric eels 8 big fish 8 iguanas 8 worms 9 titan skeletons 9 storm dragon skeletons 9 merfolk aquamancers 9 vapours 9 sea snake zombies (Port) 9 iron troll skeletons 9 siren skeletons 9 ice dragon zombies 9 yellow wasps 9 goliath beetles 9 spiders 9 fungi 10 stone giant zombies 10 giant orange brains 10 unseen horrors 10 guardian serpents 10 trapdoor spider zombies 10 ice dragon skeletons 10 trapdoor spider simulacra 10 blink frogs 10 ogre zombies 10 giant geckos 11 eidola 11 mottled draconian zombies 11 raven skeletons 11 demonic crawlers 11 merfolk skeletons 11 yaktaur zombies 11 swamp drakes (Port) 11 jellyfish 11 porcupines 11 small snakes 11 giant newts 11 butterflies (Port) 11 ballistomycetes 12 golden dragons 12 white draconians 12 orc high priests 12 pale draconian zombies 12 green draconian skeletons 12 efreeti 12 rock troll skeletons 12 steam dragons (Port) 13 sphinxes 13 grey draconians 13 ettins 13 white draconian zombies (Port) 13 purple draconian skeletons 13 wyverns 13 giant slugs 14 Pit Fiends 14 deep elf death magi 14 sirens 14 shadow dragon skeletons 14 iron golems 14 death drakes (Port) 14 black draconian zombies 14 sea snakes 14 red draconian skeletons 14 oklob plants 14 pale draconian skeletons 14 spiny worms 14 griffons 14 human zombies 14 metal gargoyles (Dis:7) 14 mottled dragons 14 wolves (Port) 15 greater nagas 15 ball lightnings (Port) 15 wargs 16 Green Deaths 16 dragons 16 hell hogs 16 worker ants 17 liches 17 lorocyprocas 17 shadow dragon zombies 17 hell knights 17 shining eyes 17 rock trolls 17 basilisks 18 great orbs of eyes 18 iron trolls 18 yellow draconian zombies 18 two-headed ogres 18 war dogs 19 ogre magi 19 very ugly things 19 stone giant skeletons 19 feature mimics 19 hell beasts 19 chaos spawn 19 boring beetles 19 eyes of draining 19 giant centipedes 19 oozes 20 orc warlords 20 trolls 20 boulder beetles 21 Orb Guardians (Zot:5) 21 draconian knights 21 necromancers 21 agate snails 21 hounds 21 giant eyeballs 22 blizzard demons 22 trapdoor spiders 23 draconian monks 24 deep elf blademasters 24 vault guards (Vault:8) 24 orc sorcerers 24 fire drakes 24 grey rats 25 Shadow Fiends 25 deep elf sorcerers 25 flaming corpses 25 hippogriffs 25 orange rats 25 quasits 25 gnolls 26 ghouls 26 quokkas 27 ancient liches 27 draconian callers 27 unborn deep dwarves 27 death yaks 27 deep trolls 27 shadow demons 27 insubstantial wisps 28 storm dragons 28 azure jellies 28 draconian shifters 28 cacodemons 28 fire giants 28 dancing weapons 28 draconian zombies 28 polar bears 29 Fiends 29 draconian scorchers 29 draconian zealots 29 merfolk javelineers 29 hydras 29 anacondas 30 shadow dragons 30 titans 30 hairy devils 30 hungry ghosts 30 deep elf priests 30 phantoms 30 giant frogs 31 giant amoebae 31 elephants 31 manticores 32 bone dragons 32 mermaids 32 deep elf conjurers 33 snapping turtles 35 deep elf annihilators 35 deep elf demonologists 35 brown oozes 35 orc priests 37 balrugs 37 naga warriors 37 hobgoblins 38 draconian annihilators 38 crocodiles 39 shadow wraiths 39 harpies 40 spiny frogs 40 naga magi 40 deep elf summoners 40 elf zombies 41 tentacled monstrosities 41 frost giants 41 wolf spiders 41 komodo dragons 41 orc zombies 42 pandemonium lords 42 acid blobs 42 ice dragons 42 phantasmal warriors 42 jackals 43 iron devils 44 greater mummies 44 deep dwarf death knights (Port) 44 hell hounds 44 sheep 45 moths of wrath 46 Ice Fiends 46 scorpions 47 tormentors 47 goblins 48 Executioners 48 hill giants 50 mummy priests 50 redbacks 50 deep elf magi 50 giant cockroaches 51 deep elf master archers 51 vampires 52 centaur warriors 52 flayed ghosts 52 shadow imps 53 ogres 54 deep dwarf berserkers (Port) 54 cyclopes 55 hellions 55 deep elf fighters 55 plants 56 deep dwarf necromancers 56 killer bee larvae 57 sun demons 59 jellies 60 soul eaters 60 orc wizards 60 kobolds 61 red wasps 61 vampire mosquitoes 63 centaurs 64 sixfirhies 65 deep elf knights 66 ghost moths 67 rotting devils 67 rats 69 giant mites 70 deep dwarf scions 71 ice devils 71 tarantellas (Port) 74 merfolk 75 orc knights 75 red devils 77 deep elf soldiers 84 reapers 84 ice beasts 85 orc warriors 91 deep dwarf artificers (Port) 91 necrophages 94 deep dwarves 95 imps 97 ynoxinuls 99 yaktaurs 101 blue devils 103 bats 108 yaktaur captains 109 shadows 110 yaks 112 green rats 113 freezing wraiths 119 wraiths 124 stone giants 133 large large abominations 138 slime creatures 139 midges 142 flying skulls 145 deep dwarf zombies 149 wights 151 small abominations 156 hellwings 157 mummies 159 orange demons 164 neqoxecs 167 nagas 173 black mambas 174 skeletal warriors 180 smoke demons 180 iron imps 182 ugly things 186 lemures 187 guardian mummies 205 water moccasins 210 snakes 212 white imps 247 toadstools 309 killer bees 393 ufetubi 428 orcs
14663 creatures vanquished. The 3-digit Club 101 blue devils 103 bats 108 yaktaur captains 109 shadows 110 yaks 112 green rats 113 freezing wraiths 119 wraiths 124 stone giants 133 large large abominations 138 slime creatures 139 midges 142 flying skulls 145 deep dwarf zombies 149 wights 151 small abominations 156 hellwings 157 mummies 159 orange demons 164 neqoxecs 167 nagas 173 black mambas 174 skeletal warriors 180 smoke demons 180 iron imps 182 ugly things 186 lemures 187 guardian mummies 205 water moccasins 210 snakes 212 white imps 247 toadstools 309 killer bees 393 ufetubi 428 orcs
6065 creatures vanquished. ----------------------------------------

Vanquished Creatures (collateral kills)
  Monster Symbol All '*'
  37 ball lightnings
37 creatures vanquished. All '2' A reaper (Port)
1 creature vanquished. All '3' A smoke demon (Port)
1 creature vanquished. All '4' A hairy devil (Port) A rotting devil (Port)
2 creatures vanquished. All '5' A midge (Port) An ufetubus (Port)
2 creatures vanquished. All 'C' A stone giant (Port)
1 creature vanquished. All 'D' A bone dragon (Crypt:4)
1 creature vanquished. All 'G' A giant orange brain (Port)
1 creature vanquished. All 'H' A sphinx (Port)
1 creature vanquished. All 'L' An ancient lich (Port)
1 creature vanquished. All 'M' A greater mummy (Port)
1 creature vanquished. All 'N' A greater naga (Snake:5) 5 naga magi (Snake:5) A naga (Snake:5)
7 creatures vanquished. All 'o' An orc (Port)
1 creature vanquished. All 'p' The ghost of Elynae the Spry, a mighty MfGl of Fedhas (Snake:5) A shadow (Port)
2 creatures vanquished. All 'r' A rat (Port)
1 creature vanquished. All 'u' 2 ugly things (D:20)
2 creatures vanquished. All 'W' A shadow wraith (Port)
1 creature vanquished. All 'z' A green draconian zombie (Port) A purple draconian skeleton (Port) A deep dwarf zombie (Port) A wight (Crypt:4) A flying skull (Port)
5 creatures vanquished. All 'Z' An iron troll skeleton (Port)
1 creature vanquished.
69 creatures vanquished. Monster Nature Natural Monsters A sphinx (Port) A stone giant (Port) A greater naga (Snake:5) A giant orange brain (Port) 5 naga magi (Snake:5) 2 ugly things (D:20) A naga (Snake:5) An orc (Port) A rat (Port)
14 creatures vanquished. Non-Living Monsters 37 ball lightnings
37 creatures vanquished. Undead Monsters An ancient lich (Port) A greater mummy (Port) The ghost of Elynae the Spry, a mighty MfGl of Fedhas (Snake:5) A bone dragon (Crypt:4) A shadow wraith (Port) A green draconian zombie (Port) A purple draconian skeleton (Port) An iron troll skeleton (Port) A deep dwarf zombie (Port) A wight (Crypt:4) A shadow (Port) A flying skull (Port)
12 creatures vanquished. Demonic Monsters A reaper (Port) A smoke demon (Port) A hairy devil (Port) A rotting devil (Port) A midge (Port) An ufetubus (Port)
6 creatures vanquished.
69 creatures vanquished. Ascending Order An ancient lich (Port) A greater mummy (Port) A sphinx (Port) The ghost of Elynae the Spry, a mighty MfGl of Fedhas (Snake:5) A bone dragon (Crypt:4) A stone giant (Port) A greater naga (Snake:5) A reaper (Port) A shadow wraith (Port) A giant orange brain (Port) A green draconian zombie (Port) A purple draconian skeleton (Port) An iron troll skeleton (Port) A smoke demon (Port) A hairy devil (Port) A deep dwarf zombie (Port) A naga (Snake:5) A rotting devil (Port) A wight (Crypt:4) A shadow (Port) A flying skull (Port) A midge (Port) An ufetubus (Port) An orc (Port) A rat (Port) 2 ugly things (D:20) 5 naga magi (Snake:5) 37 ball lightnings
69 creatures vanquished. ----------------------------------------

Vanquished Creatures (others)
  Monster Symbol All '*'
  104 ball lightnings
  2 giant spores
  50 eldritch tentacle segments
  24 tentacle segments
180 creatures vanquished. All '&' A pandemonium lord (Port)
1 creature vanquished. All '1' An Executioner (Port)
1 creature vanquished. All '2' A Green Death (Abyss)
1 creature vanquished. All '4' A sixfirhy (Pan) 3 orange demons A hellwing (Port) A rotting devil (Pan)
6 creatures vanquished. All '5' 8 iron imps 23 lemures A midge (Port) 2 shadow imps A white imp (Pan) 14 ufetubi
49 creatures vanquished. All '8' A wood golem (Abyss)
1 creature vanquished. All 'b' 4 bats
4 creatures vanquished. All 'c' A yaktaur captain (Port) A centaur warrior (Port) 3 yaktaurs (Vault:6) 2 centaurs
7 creatures vanquished. All 'C' A stone giant (Port) An ettin (Port) A cyclops (Port)
3 creatures vanquished. All 'd' A draconian knight (Port)
1 creature vanquished. All 'D' A steam dragon (Port) A mottled dragon (Port)
2 creatures vanquished. All 'e' A deep elf master archer (Port) A deep elf knight (Port) 2 deep elf fighters A deep elf priest (Vault:6) 2 deep elf soldiers
7 creatures vanquished. All 'E' 32 air elementals 2 water elementals (Coc:7)
34 creatures vanquished. All 'f' A ballistomycete (D:22) 27 fungi 885 toadstools
913 creatures vanquished. All 'F' A blink frog (Port) 2 giant frogs
3 creatures vanquished. All 'g' 2 hobgoblins 2 goblins (Orc:2)
4 creatures vanquished. All 'G' A golden eye (Port)
1 creature vanquished. All 'h' 2 hell hounds (Abyss) 2 wolves (Port) 3 jackals
7 creatures vanquished. All 'J' 28 slime creatures
28 creatures vanquished. All 'k' 8 killer bee larvae
8 creatures vanquished. All 'K' 3 kobolds
3 creatures vanquished. All 'l' A death drake (Port) 4 fire drakes (Port) A giant newt (D:5)
6 creatures vanquished. All 'M' 3 guardian mummies 4 mummies
7 creatures vanquished. All 'n' A necrophage (Abyss)
1 creature vanquished. All 'o' An orc knight (Port) 3 orc warriors (Vault:6) 3 orc priests 11 orcs
18 creatures vanquished. All 'O' 2 two-headed ogres 7 ogres
9 creatures vanquished. All 'P' 2 bushes (Lair:8) 54 plants
56 creatures vanquished. All 'r' A green rat (Port) A grey rat (Tomb:1) 4 rats
6 creatures vanquished. All 'R' A rakshasa (Abyss)
1 creature vanquished. All 's' A giant cockroach (D:5)
1 creature vanquished. All 'S' 2 black mambas 4 water moccasins 3 snakes 2 small snakes
11 creatures vanquished. All 'T' A rock troll (Port)
1 creature vanquished. All 'u' 4 ugly things
4 creatures vanquished. All 'U' 2 polar bears (Port)
2 creatures vanquished. All 'w' An eldritch tentacle (Pan) 5 tentacles
6 creatures vanquished. All 'x' 3 unseen horrors 18 small abominations
21 creatures vanquished. All 'X' A tentacled monstrosity (Zot:3) 4 large large abominations
5 creatures vanquished. All 'Y' A death yak (Port) A yak (D:13) A sky beast (Port)
3 creatures vanquished. All 'z' 2 draconian zombies (Port) 3 skeletal warriors (Abyss) A red draconian skeleton (Pan) A mottled draconian skeleton (Crypt:2) A spriggan skeleton (Tar:2) A pale draconian simulacrum (Abyss) A fire crab zombie (Geh:7) A mermaid simulacrum (Tomb:1) 12 wights A bat skeleton (D:5)
24 creatures vanquished. All 'Z' A stone giant zombie (Port) A yaktaur zombie (Port) A death drake skeleton (Port) 2 trapdoor spider zombies A trapdoor spider simulacrum (Tomb:1) A deep troll skeleton (Abyss) A swamp dragon skeleton (Port) A manticore zombie (Abyss)
9 creatures vanquished.
1455 creatures vanquished. Monster Nature Natural Monsters A draconian knight (Port) A stone giant (Port) A deep elf master archer (Port) A yaktaur captain (Port) An ettin (Port) A death yak (Port) A centaur warrior (Port) A death drake (Port) A deep elf knight (Port) 3 unseen horrors An orc knight (Port) 2 black mambas A cyclops (Port) 28 slime creatures 3 yaktaurs (Vault:6) 4 ugly things A rock troll (Port) 2 two-headed ogres 2 polar bears (Port) A blink frog (Port) A yak (D:13) 4 fire drakes (Port) A steam dragon (Port) A golden eye (Port) 2 deep elf fighters A mottled dragon (Port) A sky beast (Port) A deep elf priest (Vault:6) 3 orc warriors (Vault:6) 2 wolves (Port) 2 centaurs 7 ogres 4 water moccasins 2 giant frogs 3 orc priests 2 deep elf soldiers A green rat (Port) 3 snakes 11 orcs A giant cockroach (D:5) A grey rat (Tomb:1) 2 hobgoblins 4 bats A giant newt (D:5) 2 goblins (Orc:2) 3 jackals 8 killer bee larvae 3 kobolds 4 rats 2 small snakes 5 tentacles 24 tentacle segments
169 creatures vanquished. Non-Living Monsters An eldritch tentacle (Pan) 104 ball lightnings 32 air elementals A wood golem (Abyss) 2 water elementals (Coc:7) 50 eldritch tentacle segments
190 creatures vanquished. Undead Monsters 2 draconian zombies (Port) A stone giant zombie (Port) 3 skeletal warriors (Abyss) A yaktaur zombie (Port) A red draconian skeleton (Pan) A mottled draconian skeleton (Crypt:2) A death drake skeleton (Port) 2 trapdoor spider zombies 3 guardian mummies A spriggan skeleton (Tar:2) A pale draconian simulacrum (Abyss) A trapdoor spider simulacrum (Tomb:1) A deep troll skeleton (Abyss) A fire crab zombie (Geh:7) A swamp dragon skeleton (Port) A manticore zombie (Abyss) A necrophage (Abyss) A mermaid simulacrum (Tomb:1) 12 wights 4 mummies A bat skeleton (D:5)
41 creatures vanquished. Demonic Monsters A pandemonium lord (Port) An Executioner (Port) A tentacled monstrosity (Zot:3) A Green Death (Abyss) A rakshasa (Abyss) 4 large large abominations A sixfirhy (Pan) 3 orange demons A hellwing (Port) 2 hell hounds (Abyss) A rotting devil (Pan) 18 small abominations 8 iron imps 23 lemures A midge (Port) 2 shadow imps A white imp (Pan) 14 ufetubi
84 creatures vanquished. Plants 2 giant spores A ballistomycete (D:22) 2 bushes (Lair:8) 27 fungi 54 plants 885 toadstools
971 creatures vanquished.
1455 creatures vanquished. Ascending Order A pandemonium lord (Port) An eldritch tentacle (Pan) A draconian knight (Port) An Executioner (Port) A tentacled monstrosity (Zot:3) A stone giant (Port) A Green Death (Abyss) A deep elf master archer (Port) A yaktaur captain (Port) An ettin (Port) A rakshasa (Abyss) A stone giant zombie (Port) A death yak (Port) A centaur warrior (Port) A death drake (Port) A deep elf knight (Port) A yaktaur zombie (Port) An orc knight (Port) A red draconian skeleton (Pan) A mottled draconian skeleton (Crypt:2) A death drake skeleton (Port) A cyclops (Port) A sixfirhy (Pan) A rock troll (Port) A spriggan skeleton (Tar:2) A hellwing (Port) A pale draconian simulacrum (Abyss) A trapdoor spider simulacrum (Tomb:1) A deep troll skeleton (Abyss) A blink frog (Port) A yak (D:13) A steam dragon (Port) A fire crab zombie (Geh:7) A swamp dragon skeleton (Port) A wood golem (Abyss) A golden eye (Port) A manticore zombie (Abyss) A necrophage (Abyss) A mottled dragon (Port) A sky beast (Port) A deep elf priest (Vault:6) A rotting devil (Pan) A mermaid simulacrum (Tomb:1) A green rat (Port) A midge (Port) A white imp (Pan) A bat skeleton (D:5) A giant cockroach (D:5) A grey rat (Tomb:1) A giant newt (D:5) A ballistomycete (D:22) 2 draconian zombies (Port) 2 trapdoor spider zombies 2 black mambas 2 two-headed ogres 2 polar bears (Port) 2 water elementals (Coc:7) 2 deep elf fighters 2 hell hounds (Abyss) 2 wolves (Port) 2 centaurs 2 giant frogs 2 deep elf soldiers 2 shadow imps 2 hobgoblins 2 small snakes 2 goblins (Orc:2) 2 giant spores 2 bushes (Lair:8) 3 skeletal warriors (Abyss) 3 unseen horrors 3 orange demons 3 guardian mummies 3 yaktaurs (Vault:6) 3 orc warriors (Vault:6) 3 orc priests 3 snakes 3 jackals 3 kobolds 4 large large abominations 4 ugly things 4 fire drakes (Port) 4 water moccasins 4 mummies 4 bats 4 rats 5 tentacles 7 ogres 8 iron imps 8 killer bee larvae 11 orcs 12 wights 14 ufetubi 18 small abominations 23 lemures 24 tentacle segments 27 fungi 28 slime creatures 32 air elementals 50 eldritch tentacle segments 54 plants 104 ball lightnings 885 toadstools
1455 creatures vanquished. The 3-digit Club 104 ball lightnings 885 toadstools
989 creatures vanquished. ----------------------------------------

Grand Total: 16187 creatures vanquished
